 Dungeon Crawl Stone Soup version 0.27-a0-695-gb4952372f7 (webtiles) character file.

Game seed: 5251775279921059456

727072 sleeves the Pyromancer (level 27, -23/195 HPs)
             Began as a Formicid Fire Elementalist on Mar 21, 2021.
             Was an Initiate of Gozag.
             Annihilated by an Orb Guardian (30 damage)
             ... on level 5 of the Realm of Zot.
             The game lasted 05:20:48 (126896 turns).

sleeves the Pyromancer (FoFE)                     Turns: 126896, Time: 05:20:49

Health: -23/195    AC: 27    Str: 32    XL:     27
Magic:  21/37      EV:  2    Int: 35    God:    Gozag
Gold:   8621       SH:  0    Dex:  5    Spells: 11/66 levels left

rFire    + + +     SeeInvis +   b - staff of conjuration
rCold    + + .     Faith    .   q - +8 tower shield {AC+3}
rNeg     + + +     Spirit   .   E - +5 ring mail of Spring {+Inv rF+++ rC- Will+}
rPois    +         Reflect  +   (helmet unavailable)
rElec    +         Harm     .   C - +2 cloak of Mental Paralysis {Str+3 Int+6}
rCorr    +         Rampage  .   X - +3 pair of gloves of Grottiness {-Tele rElec Int+7}
Will     +++++                  Z - +0 pair of boots of the Present {rN+++}
Stlth    ..........             P - amulet of the Shining Light {Reflect +Blink rC++ Str+7 SH+5}
HPRegen  0.42/turn              d - ring "Nanahage" {rPois rF+ rC- Str+5}
MPRegen  0.25/turn              w - ring of Jealousy {rC+ Will++ Str+6 Dex-4 Stlth+}

@: resistant, very slightly contaminated, slowed, lost dexterity, bribing [the
Realm of Zot], very slow
A: permanent stasis, dig shafts and tunnels, antennae 3, four strong arms,
rugged brown scales 1, blurry vision 1, clumsy 1, dopey 2, low mp 2, weak 2, no
potion heal 1
}: 4/15 runes: decaying, slimy, silver, gossamer
a: Dig, Shaft Self, Renounce Religion, Evoke Invisibility, Potion Petition, Call
Merchant, Bribe Branch


You were on level 5 of the Realm of Zot.
You worshipped Gozag.
Gozag was greatly pleased with you.
You visited 12 branches of the dungeon, and saw 58 of its levels.
You visited 1 bazaar.
You also visited: Trove and Sewer.

You collected 36651 gold pieces.
You spent 11886 gold pieces at shops.
You paid 16144 gold pieces to Gozag.

Inventory:

Hand Weapons
 a - a +9 lajatang of speed
   (You bought it in a shop on level 2 of the Orcish Mines)
 L - the +3 spear "Elochaih" {vorpal, +Rage Will+ Str-3 Int+5}
   (You found it on level 5 of the Pits of Slime)

   It inflicts extra damage upon your enemies.
   It affects your strength (-3).
   It affects your intelligence (+5).
   It affects your willpower, your defense against some magical effects.
   It lets you go berserk.
 Q - the +6 hand crossbow of Dounezun {vorpal, rC++}
   (You found it on level 3 of the Crypt)

   Any bolt fired from it inflicts extra damage.
   It greatly protects you from cold.
Armour
 q - a +8 tower shield of protection (worn)
   (You took it off Louise on level 1 of the Elven Halls)
 C - the +2 cloak of Mental Paralysis (worn) {Str+3 Int+6}
   (You found it on level 2 of the Swamp)

   It affects your strength (+3).
   It affects your intelligence (+6).
 E - the +5 ring mail of Spring (worn) {+Inv rF+++ rC- Will+}
   (You bought it in a shop on level 5 of the Lair of Beasts)

   It renders you almost immune to fire.
   It makes you vulnerable to cold.
   It affects your willpower, your defense against some magical effects.
   It lets you turn invisible.
 H - the +6 leather armour of Sealatesk {Will+ Str+3 Int+4}
   (You took it off an ancient champion on level 3 of the Crypt)

   It affects your strength (+3).
   It affects your intelligence (+4).
   It affects your willpower, your defense against some magical effects.
 M - the +7 Kryia's mail coat {PotionHeal*2 rC+}
   (You found it on level 4 of the Depths)

   It protects you from cold.
 T - the +4 ring mail of Dithmenos's Hatred {Int+6 Dex-3 Slay+6}
   (You bought it in a shop on level 5 of the Lair of Beasts)

   It affects your intelligence (+6).
   It affects your dexterity (-3).
   It affects your accuracy and damage with ranged weapons and melee attacks
   (+6).
 X - the +3 pair of gloves of Grottiness (worn) {-Tele rElec Int+7}
   (You found it on level 13 of the Dungeon)

   It affects your intelligence (+7).
   It insulates you from electricity.
   It prevents most forms of teleportation.
 Z - the +0 pair of boots of the Present (worn) {rN+++}
   (You acquired it on level 2 of the Depths)

   It renders you almost immune to negative energy.
Magical Staves
 b - a staff of conjuration (weapon)
   (You found it on level 9 of the Dungeon)
Jewellery
 d - the ring "Nanahage" (right hand) {rPois rF+ rC- Str+5}
   (You bought it in a shop in a bazaar)

   [ring of protection from fire]

   It affects your strength (+5).
   It protects you from fire.
   It makes you vulnerable to cold.
   It protects you from poison.
 f - the ring of the Dancing Traitor {+Inv EV+4 Int+3}
   (You found it on level 3 of the Realm of Zot)

   [ring of evasion]

   It affects your evasion (+4).
   It affects your intelligence (+3).
   It lets you turn invisible.
 o - the ring of Gares {rPois rF+ rC+ Dex-5 SInv}
   (You took it off a deep elf death mage on level 3 of the Elven Halls)

   [ring of see invisible]

   It affects your dexterity (-5).
   It protects you from fire.
   It protects you from cold.
   It protects you from poison.
   It lets you see invisible.
 t - the amulet "Ustrohuesa" {Faith rN+ Int+4}
   (You took it off a deep elf demonologist on level 3 of the Elven Halls)

   [amulet of faith]

   It allows you to gain divine favour quickly.
   It affects your intelligence (+4).
   It protects you from negative energy.
 w - the ring of Jealousy (left hand) {rC+ Will++ Str+6 Dex-4 Stlth+}
   (You found it on level 5 of the Pits of Slime)

   [ring of strength]

   It affects your strength (+6).
   It affects your dexterity (-4).
   It protects you from cold.
   It affects your willpower, your defense against some magical effects.
   It makes you more stealthy.
 x - a ring of resist corrosion
   (You found it on level 9 of the Dungeon)
 J - the ring of Tomo Coa {+Fly AC+4}
   (You found it on level 5 of the Pits of Slime)

   [ring of protection]

   It affects your AC (+4).
   It lets you fly.
 P - the amulet of the Shining Light (around neck) {Reflect +Blink rC++ Str+7 SH+5}
   (You took it off an ancient champion on level 3 of the Crypt)

   [amulet of reflection]

   It shields you and reflects attacks.
   It affects your strength (+7).
   It greatly protects you from cold.
   It lets you blink.
   It affects your SH (+5).
Wands
 p - a wand of iceblast (33)
   (You took it off Erica on level 9 of the Dungeon)
 D - a wand of digging (14)
   (You found it on level 6 of the Dungeon)
 G - a wand of acid (19)
   (You found it on level 10 of the Dungeon)
Scrolls
 c - 5 scrolls of fear
 e - 5 scrolls of holy word
 g - 9 scrolls of immolation
 h - 6 scrolls of enchant weapon
 m - 12 scrolls of enchant armour
 r - 21 scrolls of magic mapping
 y - 12 scrolls of fog
 I - 4 scrolls of vulnerability
 O - 2 scrolls of brand weapon
 R - 5 scrolls of silence
 U - a scroll of summoning
 V - 2 scrolls of torment
 W - 16 scrolls of amnesia
 Y - 21 scrolls of identify
Potions
 i - 14 potions of curing
 j - 13 potions of brilliance
 k - a potion of magic
 l - 2 potions of ambrosia
 s - 6 potions of heal wounds
 u - a potion of cancellation
 v - a potion of invisibility
 z - 8 potions of lignification
 A - 5 potions of flight
 B - 7 potions of mutation
 K - 3 potions of resistance
 N - 5 potions of might


   Skills:
 - Level 10.0 Fighting
 - Level 14.0 Staves
 - Level 14.0 Armour
 - Level 10.0 Dodging
 - Level 21.4 Stealth
 - Level 17.2 Shields
 - Level 20.0 Spellcasting
 + Level 22.8 Conjurations
 + Level 13.3 Necromancy
 - Level 10.0 Translocations
 + Level 22.9 Fire Magic
 - Level 13.0 Earth Magic
 - Level 10.0 Evocations


You had 11 spell levels left.
You knew the following spells:

 Your Spells              Type           Power      Damage    Failure   Level
a - Fire Storm            Conj/Fire      69%        8d17      10%         9
b - Sublimation of Blood  Necr           45%        N/A       0%          2
c - Lehudib's Crystal Sp  Conj/Erth      63%        10d14     4%          8
d - Passage of Golubria   Tloc           N/A        N/A       1%          4
e - Fireball              Conj/Fire      69%        3d26      0%          5
f - Apportation           Tloc           100%       N/A       1%          1
g - Ignition              Fire           57%        3d16      1%          8
h - Dispersal             Tloc           40%        N/A       2%          6
i - Starburst             Conj/Fire      69%        8x6d18    0%          6
j - Iron Shot             Conj/Erth      63%        9d12      1%          6

Your spell library contained the following spells:

 Spells                   Type           Power      Damage    Failure   Level
 Animate Skeleton         Necr           100%       N/A       0%          1
 Foxfire                  Conj/Fire      100%       2x1d9     0%          1
 Magic Dart               Conj           100%       1d8       0%          1
 Pain                     Necr           100%       1d9       0%          1
 Sandblast                Erth           100%       2d20      0%          1
 Shock                    Conj/Air       100%       1d9       0%          1
 Searing Ray              Conj           100%       3d7       0%          2
 Conjure Flame            Conj/Fire      100%       6-21      0%          3
 Stone Arrow              Conj/Erth      100%       3d13      0%          3
 Vampiric Draining        Necr           45%        2d12      0%          3
 Iskenderun's Mystic Bla  Conj/Tloc      100%       2d19      0%          4
 Sticky Flame             Conj/Fire      100%       2d11      0%          4
 Bolt of Magma            Conj/Fire/Erth 65%        4d25      0%          5
 Beastly Appendage        Tmut           70%        N/A       1%          1
 Corona                   Hex            38%        N/A       1%          1
 Freeze                   Ice            100%       1d11      1%          1
 Sting                    Tmut/Pois      100%       1d8       1%          1
 Summon Small Mammal      Summ           100%       N/A       1%          1
 Call Imp                 Summ           35%        N/A       1%          2
 Corpse Rot               Necr/Air       N/A        N/A       1%          2
 Ensorcelled Hibernation  Hex/Ice        70%        N/A       1%          2
 Passwall                 Tmut/Erth      57%        N/A       1%          2
 Poisonous Vapours        Pois/Air       70%        N/A       1%          2
 Wereblood                Tmut           35%        N/A       1%          2
 Dazzling Flash           Conj/Hex       100%       N/A       1%          3
 Gell's Gravitas          Tloc           40%        N/A       1%          3
 Ignite Poison            Fire/Tmut/Pois 73%        N/A       1%          3
 Inner Flame              Hex/Fire       86%        N/A       1%          3
 Lesser Beckoning         Tloc           40%        N/A       1%          3
 Mephitic Cloud           Conj/Pois/Air  93%        N/A       1%          3
 Portal Projectile        Hex/Tloc       100%       N/A       1%          3
 Static Discharge         Conj/Air       100%       N/A       1%          3
 Teleport Other           Tloc           81%        N/A       1%          3
 Animate Armour           Summ/Erth      100%       N/A       1%          4
 Animate Dead             Necr           45%        N/A       1%          4
 Dispel Undead            Necr           91%        3d29      1%          4
 Fulminant Prism          Conj/Hex       53%        3d23      1%          4
 Hailstorm                Conj/Ice       100%       3d20      1%          4
 Leda's Liquefaction      Hex/Erth       34%        N/A       1%          4
 Manifold Assault         Tloc           81%        N/A       1%          4
 Petrify                  Tmut/Erth      69%        N/A       1%          4
 Agony                    Necr           91%        N/A       1%          5
 Irradiate                Conj/Tmut      53%        3d31      1%          5
 Lee's Rapid Deconstruct  Erth           45%        3d23*     1%          5
 Lightning Bolt           Conj/Air       53%        1d75      1%          5
 Conjure Ball Lightning   Conj/Air       53%        3x3d18    1%          6
 Death Channel            Necr           45%        N/A       1%          6
 Call Canine Familiar     Summ           35%        N/A       3%          3
 Confusing Touch          Hex            35%        N/A       3%          3
 Frozen Ramparts          Ice            70%        1d9       3%          3
 Spider Form              Tmut/Pois      17%        N/A       3%          3
 Summon Guardian Golem    Hex/Summ       35%        N/A       3%          3
 Tukima's Dance           Hex            35%        N/A       3%          3
 Summon Forest            Summ/Tloc      31%        N/A       4%          5
 Freezing Cloud           Conj/Ice/Air   46%        6-21      8%          6
 Airstrike                Air            17%        N/A       11%         4
 Cause Fear               Hex            17%        N/A       11%         4
 Ice Form                 Ice/Tmut       35%        N/A       11%         4
 Olgreb's Toxic Radiance  Pois           35%        N/A       11%         4
 Summon Ice Beast         Ice/Summ       35%        N/A       11%         4
 Summon Lightning Spire   Summ/Air       35%        N/A       11%         4
 Simulacrum               Ice/Necr       34%        N/A       11%         6
 Statue Form              Tmut/Erth      46%        N/A       12%         6
 Alistair's Intoxication  Tmut/Pois      23%        N/A       30%         5
 Blade Hands              Tmut           17%        N/A       30%         5
 Metabolic Englaciation   Hex/Ice        17%        N/A       30%         5
 Silence                  Hex/Air        17%        N/A       30%         5
 Yara's Violent Unravell  Hex/Tmut       17%        3d8       30%         5
 Borgnjor's Revivificati  Necr           45%        N/A       30%         8
 Infestation              Necr           45%        N/A       30%         8
 Chain Lightning          Conj/Air       53%        N/A       56%         8
 Malign Gateway           Summ/Tloc      31%        N/A       77%         7
 Disjunction              Tloc           40%        N/A       77%         8
 Eringya's Noxious Bog    Tmut/Pois      17%        N/A       86%         6
 Hydra Form               Tmut           17%        N/A       86%         6
 Invisibility             Hex            35%        N/A       86%         6
 Necromutation            Tmut/Necr      34%        N/A       99%         8
 Death's Door             Necr           45%        N/A       99%         9
 Shatter                  Erth           45%        3d35*     99%         9
 Ozocubu's Refrigeration  Ice            17%        4d8       100%        7
 Summon Hydra             Summ           17%        N/A       100%        7
 Discord                  Hex            17%        N/A       100%        8
 Absolute Zero            Ice            17%        ∞         100%        9
 Tornado                  Air            17%        N/A       100%        9
 Blink                    Tloc           Unusable   N/A       N/A         2
 Swiftness                Air            Unusable   N/A       N/A         2

Dungeon Overview and Level Annotations

Branches:
Dungeon (15/15)            Temple (1/1) D:6            Lair (6/6) D:10
  Swamp (4/4) Lair:3       Spider (4/4) Lair:2        Slime (5/5) Lair:5
    Orc (2/2) D:10            Elf (3/3) Orc:2        Vaults (5/5) D:14
  Crypt (3/3) Vaults:3       Tomb (0/3) Crypt:3      Depths (5/5) D:15
    Zot (5/5) Depths:5      Sewer (visited)

Altars:
Ashenzari
Cheibriados
Dithmenos
Elyvilon
Fedhas
Gozag
Hepliaklqana
Kikubaaqudgha
Makhleb
Nemelex Xobeh
Okawaru
Qazlal
Ru
Sif Muna
Trog
Uskayaw
Vehumet
Wu Jian
Xom
Yredelemnul
Zin
The Shining One
Beogh

Shops:
D:2 ?(*(   D:14 =   Orc:2 ?(*(?*(?   Elf:1 (*(   Lair:5 ([[   Vaults:1 *
Vaults:4 :   Depths:1 [(*([[=?   Depths:2 [**

Portals:
Hell: Depths:1 Depths:2 Depths:3 Depths:4 Depths:5
Abyss: D:14
Pandemonium: Depths:2 Depths:3
Ziggurat: Depths:2

Annotations:
D:9 1 runed translucent door, Erolcha
D:14 2 transporters
Elf:2 3 runed translucent doors
Elf:3 exclusion: upstairs
Vaults:3 handsome's ghost, veteran OpWn
Zot:2 Mikey69's ghost, legendary DsBe


Innate Abilities, Weirdness & Mutations

You cannot be hasted, slowed, berserked, paralysed or teleported.
You can dig through walls and to a lower floor.
You have a pair of large antennae on your head. (SInv)
Your four strong arms can wield two-handed weapons with a shield.
You are partially covered in rugged brown scales. (AC +1, +3% HP)
Scrolls take you a little longer to read.
You are clumsy. (Dex -2)
You are very dopey. (Int -4)
Your magical capacity is very low. (-20% MP)
You are very weak. (Str -4)
Potions are less effective at restoring your health.


Message History

The glob of acid hits you but does no damage.
You are splashed with acid!
You hit the yellow draconian.
You blast the yellow draconian!!
You kill the yellow draconian!
The death cob is engulfed in blazing flames.
The death cob enters a dispersal trap!
Your fire vortex blinks! x2
The ancient lich blinks!
You feel a strange sense of stasis.
The death cob blinks!
The death cob disappears!
The death cob is engulfed in blazing flames.
Your fire vortex disappears!
You see here a +0 morningstar.
Casting: Fire Storm (dangerous; 12% risk of failure)
Confirm with . or Enter, or press ? or * to list all spells.
Aiming: Lehudib's Crystal Spear (dangerous; 5% risk of failure)
Press: ? - help, Shift-Dir - straight line, f - death cob
Aim: a death cob (lightly damaged, 27% to evade)
You feel a surge of power!
The crystal spear hits the death cob!!!!
You destroy the death cob!
You see here a +0 morningstar.
Casting: Lehudib's Crystal Spear (dangerous; 5% risk of failure)
Confirm with . or Enter, or press ? or * to list all spells.
You can't see any susceptible monsters within range! (Use Z to cast anyway.) Unknown command.
The ancient lich gestures at you while chanting.
The bolt of acid hits you! The acid corrodes you!
You are splashed with acid!
Casting: Lehudib's Crystal Spear (dangerous; 5% risk of failure)
Confirm with . or Enter, or press ? or * to list all spells.
Aiming: Lehudib's Crystal Spear (dangerous; 5% risk of failure)
Press: ? - help, Shift-Dir - straight line, f - ancient lich
Aim: an ancient lich (16% to evade)
You feel a surge of power!
The crystal spear hits the ancient lich!!!!
The ancient lich is almost destroyed.
The ancient lich becomes distracted by the nearby gold, dreaming of imaginary riches.
Casting: Lehudib's Crystal Spear (dangerous; 5% risk of failure)
Confirm with . or Enter, or press ? or * to list all spells.
Aiming: Lehudib's Crystal Spear (dangerous; 5% risk of failure)
Press: ? - help, Shift-Dir - straight line, f/p - ancient lich
Aim: an ancient lich (almost destroyed, unaware, hasn't noticed you, 16% to evade)
You feel a surge of power!
The crystal spear hits the ancient lich!!!!
You destroy the ancient lich!
* * * LOW MAGIC WARNING * * *
Your Necromancy skill increases to level 12!
You see here a +0 morningstar.
You start resting.
You are no longer corroded.
You start resting.
HP restored.
You start resting.
Magic restored.
You see here a +0 morningstar.
You now have 12761 gold pieces (gained 5).
An electric golem is nearby!
An electric golem is nearby!
An electric golem is nearby!
An electric golem is nearby!
Things that are here:
7 gold pieces; a +0 long sword; a scroll of silence You now have 12768 gold pieces (gained 7).
R - 5 scrolls of silence (gained 1)
You see here a +0 long sword.
You now have 12775 gold pieces (gained 7).
You now have 12808 gold pieces (gained 33).
You now have 12824 gold pieces (gained 16).
An orb of fire comes into view.
You see here a scroll of identify.
An orb of fire is nearby!
An orb of fire is nearby!
An orb of fire is nearby!
The orb of fire glows red.
The fireball explodes!
The fireball engulfs you! You resist.
You hear a shout!
Casting: Lehudib's Crystal Spear (dangerous; 5% risk of failure)
Confirm with . or Enter, or press ? or * to list all spells.
You can't see any susceptible monsters within range! (Use Z to cast anyway.)
Casting: Lehudib's Crystal Spear (dangerous; 5% risk of failure)
Confirm with . or Enter, or press ? or * to list all spells.
Aiming: Fire Storm (dangerous; 12% risk of failure)
Press: ? - help, Dir - move target, f - orb of fire
Aim: an orb of fire You feel a surge of power!
A raging storm of fire appears!
The great blast of fire engulfs the orb of fire!!
The orb of fire partially resists.
The orb of fire is lightly damaged.
Casting: Fire Storm (dangerous; 12% risk of failure)
Confirm with . or Enter, or press ? or * to list all spells.
Aiming: Lehudib's Crystal Spear (dangerous; 5% risk of failure)
Press: ? - help, Shift-Dir - straight line, f/p - orb of fire
Aim: an orb of fire (flame, lightly damaged, 37% to evade)
You feel a surge of power!
The crystal spear hits the orb of fire!!!!
The orb of fire is severely damaged.
Your fire vortex completely misses the orb of fire.
The orb of fire glows yellow.
The bolt of fire hits you! You resist.
Casting: Lehudib's Crystal Spear (dangerous; 5% risk of failure)
Confirm with . or Enter, or press ? or * to list all spells.
Aiming: Lehudib's Crystal Spear (dangerous; 5% risk of failure)
Press: ? - help, Shift-Dir - straight line, f/p - orb of fire
Aim: an orb of fire (flame, severely damaged, 37% to evade)
You feel a surge of power!
The crystal spear hits the orb of fire!!!
You destroy the orb of fire!
You start resting.
An electric golem is nearby!
An electric golem is nearby!
No target in view!
No target in view!
HP restored.
A Killer Klown comes into view. It is wielding a +12 club of venom.
A Killer Klown is nearby!
A Killer Klown is nearby!
A Killer Klown is nearby!
The Killer Klown shouts!
The Killer Klown pies you viciously!
The klown pie reflects off an invisible shield around you!
The klown pie hits the Killer Klown!!
Blueberry!
The Killer Klown loses the ability to speak.
The Killer Klown enters a dispersal trap!
You feel a strange sense of stasis.
The Killer Klown blinks!
You block the Killer Klown's attack.
The Killer Klown blinks!
Casting: Lehudib's Crystal Spear (dangerous; 5% risk of failure)
Confirm with . or Enter, or press ? or * to list all spells.
Aiming: Lehudib's Crystal Spear (dangerous; 5% risk of failure)
Press: ? - help, Shift-Dir - straight line, f - Killer Klown
Aim: a Killer Klown, wielding a +12 club of venom (lightly wounded, mute, 27% to evade)
You feel a surge of power!
The crystal spear misses the Killer Klown.
The Killer Klown is no longer mute.
The Killer Klown blinks!
Casting: Lehudib's Crystal Spear (dangerous; 5% risk of failure)
Confirm with . or Enter, or press ? or * to list all spells.
You can't see any susceptible monsters within range! (Use Z to cast anyway.) Unknown command.
A Killer Klown is nearby!
Casting: Lehudib's Crystal Spear (dangerous; 5% risk of failure)
Confirm with . or Enter, or press ? or * to list all spells.
You don't know that spell.
The Killer Klown blinks!
Casting: Lehudib's Crystal Spear (dangerous; 5% risk of failure)
Confirm with . or Enter, or press ? or * to list all spells.
You can't see any susceptible monsters within range! (Use Z to cast anyway.) Unknown command.
The Killer Klown blinks!
Casting: Lehudib's Crystal Spear (dangerous; 5% risk of failure)
Confirm with . or Enter, or press ? or * to list all spells.
Aiming: Lehudib's Crystal Spear (dangerous; 5% risk of failure)
Press: ? - help, Shift-Dir - straight line, f/p - Killer Klown
Aim: a Killer Klown, wielding a +12 club of venom (lightly wounded, 27% to evade)
You feel a surge of power!
The crystal spear hits the Killer Klown!!!!
The Killer Klown is heavily wounded.
Casting: Lehudib's Crystal Spear (dangerous; 5% risk of failure)
Confirm with . or Enter, or press ? or * to list all spells.
Aiming: Lehudib's Crystal Spear (dangerous; 5% risk of failure)
Press: ? - help, Shift-Dir - straight line, f/p - Killer Klown
Aim: a Killer Klown, wielding a +12 club of venom (heavily wounded, 27% to evade)
You feel a surge of power!
The crystal spear hits the Killer Klown!!!!
You kill the Killer Klown!
You now have 12829 gold pieces (gained 5).
You see here a +12 club of venom.
You start resting.
A golden dragon comes into view.
Casting: Lehudib's Crystal Spear (dangerous; 5% risk of failure)
Confirm with . or Enter, or press ? or * to list all spells.
You can't see any susceptible monsters within range! (Use Z to cast anyway.) Unknown command.
Casting: Lehudib's Crystal Spear (dangerous; 5% risk of failure)
Confirm with . or Enter, or press ? or * to list all spells.
You can't see any susceptible monsters within range! (Use Z to cast anyway.) Unknown command.
The golden dragon roars deafeningly!
The golden dragon breathes cold at you. The bolt of cold hits you! You resist.
You hear a roar!
Casting: Lehudib's Crystal Spear (dangerous; 5% risk of failure)
Confirm with . or Enter, or press ? or * to list all spells.
Aiming: Lehudib's Crystal Spear (dangerous; 5% risk of failure)
Press: ? - help, Shift-Dir - straight line, f - golden dragon
Aim: a golden dragon (catching its breath, 10% to evade)
You feel a surge of power!
The crystal spear hits the golden dragon!!!
The golden dragon is severely wounded.
The golden dragon breathes cold at you.
The bolt of cold hits you but does no damage.
You hear a roar!
Casting: Lehudib's Crystal Spear (dangerous; 5% risk of failure)
Confirm with . or Enter, or press ? or * to list all spells.
Aiming: Lehudib's Crystal Spear (dangerous; 5% risk of failure)
Press: ? - help, Shift-Dir - straight line, f/p - golden dragon
Aim: a golden dragon (severely wounded, catching its breath, 10% to evade)
You feel a surge of power!
The crystal spear hits the golden dragon!!!!
You kill the golden dragon!
* * * LOW MAGIC WARNING * * *
You now have 12858 gold pieces (gained 29).
You start resting.
HP restored.
You start resting.
Magic restored.
A black draconian comes into view. It is wielding a +0 dire flail.
A black draconian is nearby!
A black draconian is nearby!
A white draconian monk comes into view.
A black draconian knight comes into view.
It is wielding a +0 battleaxe and wearing a +2 cloak of stealth.
A green draconian comes into view. It is wielding a +0 halberd.
A purple draconian comes into view. It is wielding a +0 hand axe.
Casting: Lehudib's Crystal Spear (dangerous; 5% risk of failure)
Confirm with . or Enter, or press ? or * to list all spells.
Casting: Ignition (mildly dangerous; 1% risk of failure)
Press: ? - help, Dir - look around, f - activate The air bursts into flame!
The fireball engulfs the electric golem!
The electric golem resists.
The electric golem is lightly damaged.
The fireball engulfs the purple draconian!!
The purple draconian is moderately wounded.
The purple draconian roars!
The fireball engulfs the green draconian.
The green draconian is lightly wounded.
The fireball engulfs the white draconian monk!!
The white draconian monk is lightly wounded.
The white draconian monk roars!
The fireball engulfs the black draconian knight!!
The black draconian knight's icy armour evaporates.
The black draconian knight is lightly wounded.
The black draconian knight roars!
You hear a roar!
The fireball engulfs the black draconian knight.
The black draconian knight is moderately wounded.
The fireball engulfs the black draconian knight!
The black draconian knight is moderately wounded.
The fireball engulfs the green draconian!!
The green draconian is moderately wounded.
The fireball engulfs the white draconian monk!!
The white draconian monk is moderately wounded.
The electric golem hurls lightning at you.
The bolt of lightning hits you! You resist.
The white draconian monk breathes frost at you.
The blast of cold hits you. You resist.
Casting: Ignition (mildly dangerous; 1% risk of failure)
Confirm with . or Enter, or press ? or * to list all spells.
Casting: Ignition (mildly dangerous; 1% risk of failure)
Press: ? - help, Dir - look around, f - activate The air bursts into flame!
The fireball engulfs the electric golem!
The electric golem resists.
The electric golem is lightly damaged.
The fireball engulfs the black draconian!
The black draconian is heavily wounded.
The fireball engulfs the purple draconian!!
The purple draconian is heavily wounded.
The fireball engulfs the green draconian!!
The green draconian is heavily wounded.
The fireball engulfs the white draconian monk!
The white draconian monk is heavily wounded.
The fireball engulfs the black draconian knight!
The black draconian knight is heavily wounded.
The fireball engulfs the black draconian!!
The black draconian is severely wounded.
The fireball engulfs the electric golem!
The electric golem resists.
The electric golem is moderately damaged.
The fireball engulfs the black draconian knight!!
The black draconian knight is severely wounded.
The fireball engulfs the black draconian knight!
The black draconian knight is almost dead.
The fireball engulfs the green draconian!
The green draconian is heavily wounded.
The fireball engulfs the white draconian monk!!
The white draconian monk is severely wounded.
Casting: Ignition (mildly dangerous; 1% risk of failure)
Confirm with . or Enter, or press ? or * to list all spells.
Casting: Ignition (mildly dangerous; 1% risk of failure)
Press: ? - help, Dir - look around, f - activate The air bursts into flame!
The fireball engulfs the electric golem!
The electric golem resists.
The electric golem is moderately damaged.
The fireball engulfs the purple draconian!
The purple draconian is severely wounded.
The fireball engulfs the green draconian!
The green draconian is severely wounded.
The fireball engulfs the white draconian monk!
The white draconian monk is severely wounded.
The fireball engulfs the black draconian knight!!
You kill the black draconian knight!
The fireball engulfs the green draconian!
The green draconian is severely wounded.
The fireball engulfs the white draconian monk!
The white draconian monk is almost dead.
The electric golem crackles and sizzles.
The electric golem hurls lightning at you.
The bolt of lightning hits you. You resist.
You hit the white draconian monk.
You blast the white draconian monk!
You kill the white draconian monk!
Casting: Ignition (mildly dangerous; 1% risk of failure)
Confirm with . or Enter, or press ? or * to list all spells.
Aiming: Fire Storm (dangerous; 11% risk of failure)
Press: ? - help, Dir - move target, f - black draconian
Aim: a black draconian, wielding a +0 dire flail (severely wounded)
You feel a surge of power! That beam is likely to hit you.
Continue anyway?
A raging storm of fire appears!
The great blast of fire engulfs the black draconian!!!
You kill the black draconian!
The great blast of fire engulfs the green draconian!!!
You kill the green draconian!
The great blast of fire engulfs the electric golem!!!
The electric golem partially resists.
The electric golem is severely damaged.
The great blast of fire engulfs the purple draconian!!!!
You kill the purple draconian!
The electric golem is engulfed in blazing flames.
The electric golem blinks!
The electric golem blinks!
Casting: Fire Storm (dangerous; 11% risk of failure)
Confirm with . or Enter, or press ? or * to list all spells.
You don't know that spell.
The electric golem hurls lightning at you.
The bolt of lightning hits you! You resist.
Casting: Fire Storm (dangerous; 11% risk of failure)
Confirm with . or Enter, or press ? or * to list all spells.
Aiming: Lehudib's Crystal Spear (dangerous; 5% risk of failure)
Press: ? - help, Shift-Dir - straight line, f - electric golem
Aim: an electric golem (severely damaged, 37% to evade)
You feel a surge of power!
The crystal spear hits the electric golem!!!!
You destroy the electric golem!
* * * LOW MAGIC WARNING * * *
You now have 12873 gold pieces (gained 15).
You start resting.
HP restored.
You start resting.
A tentacled monstrosity comes into view.
A tentacled monstrosity is nearby!
You catch the helpless tentacled monstrosity completely off-guard!
You hit the tentacled monstrosity!
You blast the tentacled monstrosity!!
The tentacled monstrosity is moderately wounded.
You block the tentacled monstrosity's attack.
The tentacled monstrosity tentacle-slaps you but does no damage. x2
The tentacled monstrosity grabs you.
The tentacled monstrosity constricts you.
Your hands tingle!
a - a +9 lajatang of speed (weapon)
You slice the tentacled monstrosity!!
The tentacled monstrosity is heavily wounded.
The tentacled monstrosity tentacle-slaps you but does no damage.
You block the tentacled monstrosity's attack. x2
The tentacled monstrosity constricts you!
You barely miss the tentacled monstrosity.
The tentacled monstrosity is heavily wounded.
You slash the tentacled monstrosity!
The tentacled monstrosity is heavily wounded.
You block the tentacled monstrosity's attack.
The tentacled monstrosity tentacle-slaps you.
You block the tentacled monstrosity's attack.
The tentacled monstrosity constricts you.
You hit the tentacled monstrosity.
The tentacled monstrosity is heavily wounded.
You slash the tentacled monstrosity!
The tentacled monstrosity is severely wounded.
You block the tentacled monstrosity's attack.
The tentacled monstrosity tentacle-slaps you but does no damage.
You block the tentacled monstrosity's attack.
The tentacled monstrosity constricts you.
You slash the tentacled monstrosity!
The tentacled monstrosity is severely wounded.
You hit the tentacled monstrosity.
The tentacled monstrosity is almost dead.
You block the tentacled monstrosity's attack.
The tentacled monstrosity tentacle-slaps you but does no damage.
You block the tentacled monstrosity's attack.
The tentacled monstrosity constricts you!
You barely miss the tentacled monstrosity.
The tentacled monstrosity is almost dead.
You slash the tentacled monstrosity!
The tentacled monstrosity is almost dead.
You hit the tentacled monstrosity.
You kill the tentacled monstrosity!
No target in view!
b - a staff of conjuration (weapon)
HP restored.
Magic restored.
You now have 12898 gold pieces (gained 25).
You now have 12902 gold pieces (gained 4).
You see here a +0 cloak.
You now have 12908 gold pieces (gained 6).
You see here a +0 halberd.
You now have 12912 gold pieces (gained 4).
You see here a +0 hand axe.
You now have 12920 gold pieces (gained 8).
Things that are here:
a +0 battleaxe; a +2 cloak of stealth; 19 arrows You see here a +0 hand axe.
You now have 12927 gold pieces (gained 7).
You see here a +0 dire flail.
Y - 21 scrolls of identify (gained 1)
You now have 12933 gold pieces (gained 6).
An Orb Guardian comes into view.
An Orb Guardian is nearby!
An Orb Guardian is nearby!
No target in view!
No target in view!
An Orb Guardian comes into view. x2
The Orb Guardian moves out of view.
An Orb Guardian is nearby!
An Orb Guardian comes into view. x2
You hear a loud "Zot"!
You closely miss the Orb Guardian. You block the Orb Guardian's attack.
You hit the Orb Guardian.
The Orb Guardian is lightly wounded.
You block the Orb Guardian's attack.
You hit the Orb Guardian but do no damage.
You blast the Orb Guardian!
The Orb Guardian is lightly wounded.
The Orb Guardian hits you!! You block the Orb Guardian's attack.
Casting: Lehudib's Crystal Spear (dangerous; 4% risk of failure)
Confirm with . or Enter, or press ? or * to list all spells.
Aiming: Lehudib's Crystal Spear (dangerous; 4% risk of failure)
Press: ? - help, Shift-Dir - straight line, f - Orb Guardian
Aim: an Orb Guardian (lightly wounded, 22% to evade)
You feel a surge of power!
The crystal spear hits the Orb Guardian!!!
The Orb Guardian is almost dead.
You block the Orb Guardian's attack.
Casting: Lehudib's Crystal Spear (dangerous; 4% risk of failure)
Confirm with . or Enter, or press ? or * to list all spells.
Aiming: Lehudib's Crystal Spear (dangerous; 4% risk of failure)
Press: ? - help, Shift-Dir - straight line, f/p - Orb Guardian
Aim: an Orb Guardian (almost dead, 22% to evade)
You feel a surge of power!
The crystal spear hits the Orb Guardian!!!
You kill the Orb Guardian!
You block the Orb Guardian's attack. x3
Casting: Lehudib's Crystal Spear (dangerous; 4% risk of failure)
Confirm with . or Enter, or press ? or * to list all spells.
Aiming: Lehudib's Crystal Spear (dangerous; 4% risk of failure)
Press: ? - help, Shift-Dir - straight line, f - Orb Guardian
Aim: an Orb Guardian (22% to evade)
You feel a surge of power!
The crystal spear hits the Orb Guardian!!!!
The Orb Guardian is almost dead.
The Orb Guardian barely misses you. You block the Orb Guardian's attack.
Casting: Lehudib's Crystal Spear (dangerous; 4% risk of failure)
Confirm with . or Enter, or press ? or * to list all spells.
Aiming: Lehudib's Crystal Spear (dangerous; 4% risk of failure)
Press: ? - help, Shift-Dir - straight line, f/p - Orb Guardian
Aim: an Orb Guardian (almost dead, 22% to evade)
You feel a surge of power!
The crystal spear misses the Orb Guardian.
You block the Orb Guardian's attack. The Orb Guardian hits you!
You block the Orb Guardian's attack.
Casting: Lehudib's Crystal Spear (dangerous; 4% risk of failure)
Confirm with . or Enter, or press ? or * to list all spells.
Aiming: Lehudib's Crystal Spear (dangerous; 4% risk of failure)
Press: ? - help, Shift-Dir - straight line, f/p - Orb Guardian
Aim: an Orb Guardian (almost dead, 22% to evade)
You feel a surge of power!
The crystal spear hits the Orb Guardian!!!
You kill the Orb Guardian!
* * * LOW MAGIC WARNING * * *
The Orb Guardian hits you!!
Casting: Lehudib's Crystal Spear (dangerous; 4% risk of failure)
Confirm with . or Enter, or press ? or * to list all spells.
You don't have enough magic to cast this spell.
Unknown command.
Casting: Lehudib's Crystal Spear (dangerous; 4% risk of failure)
Confirm with . or Enter, or press ? or * to list all spells.
You don't have enough magic to cast this spell.
Unknown command.
You block the Orb Guardian's attack.
Casting: Lehudib's Crystal Spear (dangerous; 4% risk of failure)
Confirm with . or Enter, or press ? or * to list all spells.
You don't know that spell.
Your hands tingle!
a - a +9 lajatang of speed (weapon)
You block the Orb Guardian's attack.
You slice the Orb Guardian!!
The Orb Guardian is moderately wounded.
You block the Orb Guardian's attack.
You closely miss the Orb Guardian.
The Orb Guardian is moderately wounded.
You barely miss the Orb Guardian.
The Orb Guardian is moderately wounded.
The Orb Guardian becomes distracted by the nearby gold, dreaming of imaginary riches.
You slice the Orb Guardian!!
The Orb Guardian is no longer distracted by gold.
The Orb Guardian is severely wounded.
You block the Orb Guardian's attack.
You slash the Orb Guardian!
The Orb Guardian is almost dead.
You barely miss the Orb Guardian.
The Orb Guardian is almost dead.
You block the Orb Guardian's attack.
You slice the Orb Guardian!!
You kill the Orb Guardian!
You see here 30 gold pieces.
The Orb Guardian becomes distracted by the nearby gold, dreaming of imaginary riches.
The Orb Guardian is no longer distracted by gold.
You see here a +0 hand axe.
You see here a +0 halberd.
You see here a +0 cloak.
You start resting.
HP restored.
Magic restored.
You now have 12963 gold pieces (gained 30).
An Orb Guardian is nearby!
An Orb Guardian is nearby!
An Orb Guardian is nearby!
You block the Orb Guardian's attack.
You closely miss the Orb Guardian. You block the Orb Guardian's attack.
You slice the Orb Guardian!!
The Orb Guardian is moderately wounded.
You block the Orb Guardian's attack.
You slash the Orb Guardian!
The Orb Guardian is moderately wounded.
You hit the Orb Guardian.
The Orb Guardian is moderately wounded.
You block the Orb Guardian's attack.
You miss the Orb Guardian.
The Orb Guardian is moderately wounded.
You slash the Orb Guardian!
The Orb Guardian is heavily wounded.
You block the Orb Guardian's attack.
You slice the Orb Guardian!!
The Orb Guardian is severely wounded.
The Orb Guardian barely misses you.
You barely miss the Orb Guardian.
The Orb Guardian is severely wounded.
You slice the Orb Guardian!!
You kill the Orb Guardian!
No target in view!
b - a staff of conjuration (weapon)
You now have 13021 gold pieces (gained 58).
An Orb Guardian comes into view.
An Orb Guardian is nearby!
An Orb Guardian is nearby!
An Orb Guardian is nearby!
An Orb Guardian is nearby!
Your hands tingle!
a - a +9 lajatang of speed (weapon)
An Orb Guardian comes into view.
The Orb Guardian moves out of view.
Found a staff of fire.
An Orb Guardian comes into view.
An Orb Guardian comes into view.
Found the Orb of Zot.
b - a staff of conjuration (weapon)
The Orb Guardian pulls the alarm!
The alarm trap emits a blaring wail!
A sentinel's mark forms upon you. You block the Orb Guardian's attack.
Casting: Lehudib's Crystal Spear (dangerous; 4% risk of failure)
Confirm with . or Enter, or press ? or * to list all spells.
Aiming: Fire Storm (dangerous; 11% risk of failure)
Press: ? - help, Dir - move target, f - Orb Guardian
Aim: an Orb Guardian You feel a surge of power!
That beam is likely to hit you.
Continue anyway?
A raging storm of fire appears!
The great blast of fire engulfs the Orb Guardian!!!
The Orb Guardian is severely wounded.
The great blast of fire engulfs the Orb Guardian!!!
The Orb Guardian is heavily wounded.
The great blast of fire engulfs the Orb Guardian!!!!
You kill the Orb Guardian!
The great blast of fire engulfs the Orb Guardian!!
The Orb Guardian is heavily wounded.
You hear a loud "Zot"!
The power of Zot is invoked against you!
You are contaminated with residual magic.
The Orb Guardian is engulfed in blazing flames.
You block the Orb Guardian's attack.
The Orb Guardian is engulfed in blazing flames. x2
An ancient lich comes into view.
The Orb Guardian is engulfed in blazing flames. x2
You block the Orb Guardian's attack.
The Orb Guardian is engulfed in blazing flames.
You kill the Orb Guardian!
You block the Orb Guardian's attack.
The Orb Guardian is engulfed in blazing flames.
The Orb Guardian hits you but does no damage.
Your fire vortex closely misses the Orb Guardian.
Casting: Fire Storm (dangerous; 11% risk of failure)
Confirm with . or Enter, or press ? or * to list all spells.
Aiming: Fire Storm (dangerous; 11% risk of failure)
Press: ? - help, Dir - move target You feel a surge of power!
A raging storm of fire appears!
The great blast of fire engulfs the Orb Guardian!!!
The Orb Guardian is severely wounded.
The great blast of fire engulfs the ancient lich!!!
The ancient lich partially resists.
The ancient lich is heavily damaged.
You block the Orb Guardian's attack.
The Orb Guardian is engulfed in blazing flames.
You block the Orb Guardian's attack.
Your fire vortex misses the Orb Guardian.
The Orb Guardian hits you but does no damage.
The Orb Guardian is engulfed in blazing flames.
Casting: Fire Storm (dangerous; 11% risk of failure)
Confirm with . or Enter, or press ? or * to list all spells.
Aiming: Fire Storm (dangerous; 11% risk of failure)
Press: ? - help, Dir - move target You feel a surge of power!
That beam is likely to hit you.
Continue anyway?
A raging storm of fire appears!
The great blast of fire engulfs the Orb Guardian!!!!
You kill the Orb Guardian!
The great blast of fire engulfs the Orb Guardian!!!!
You kill the Orb Guardian!
The great blast of fire engulfs the Orb Guardian!!!
You kill the Orb Guardian!
The great blast of fire engulfs you!! You partially resist.
The great blast of fire engulfs the ancient lich!!!
The ancient lich partially resists.
The ancient lich is severely damaged.
You are engulfed in blazing flames.
You resist.
An electric golem comes into view.
Your fire vortex closely misses the ancient lich.
The ancient lich is engulfed in blazing flames.
The ancient lich becomes distracted by the nearby gold, dreaming of imaginary riches.
The electric golem is engulfed in blazing flames.
The electric golem becomes distracted by the nearby gold, dreaming of imaginary riches.
Your fire vortex hits something.
Your fire vortex burns something!
Your fire vortex dissipates!
There are monsters nearby!
Something hits your fire vortex. Something shocks your fire vortex.
Your fire vortex resists.
Something hits your fire vortex. Something shocks your fire vortex.
Your fire vortex resists.
Something barely misses your fire vortex.
Something hits your fire vortex.
An orb of fire comes into view.
You hear a shout!
Your fire vortex closely misses something.
Your fire vortex hits something.
Your fire vortex dissipates!
Something hits your fire vortex! Something shocks your fire vortex.
Your fire vortex resists.
Something hits your fire vortex! Something shocks your fire vortex.
Your fire vortex resists.
Your fire vortex dissipates!
The electric golem blinks!
An Orb Guardian comes into view.
You hear a loud "Zot"!
Okay, then.
Unknown command.
Casting: Fire Storm (dangerous; 11% risk of failure)
Confirm with . or Enter, or press ? or * to list all spells.
Aiming: Lehudib's Crystal Spear (dangerous; 4% risk of failure)
Press: ? - help, Shift-Dir - straight line, f - death cob
Aim: a death cob (27% to evade)
You feel a surge of power!
The crystal spear hits the death cob!!!!
You destroy the death cob!
The electric golem crackles and sizzles.
The electric golem hurls lightning at you.
The bolt of lightning hits you! You resist.
The Orb Guardian becomes distracted by the nearby gold, dreaming of imaginary riches.
The electric golem hurls lightning at you.
The bolt of lightning hits you! You resist.
You see here 5 gold pieces.
Your body shudders with the violent release of wild energies!
You feel less energetic.
Casting: Lehudib's Crystal Spear (dangerous; 4% risk of failure)
Confirm with . or Enter, or press ? or * to list all spells.
Aiming: Lehudib's Crystal Spear (dangerous; 4% risk of failure)
Press: ? - help, Shift-Dir - straight line, f - orb of fire
Aim: an orb of fire (37% to evade)
You feel a surge of power!
The crystal spear hits the orb of fire!!!
The orb of fire is heavily damaged.
* * * LOW MAGIC WARNING * * *
The orb of fire becomes distracted by the nearby gold, dreaming of imaginary riches.
Casting: Lehudib's Crystal Spear (dangerous; 4% risk of failure)
Confirm with . or Enter, or press ? or * to list all spells.
You don't have enough magic to cast this spell.
Unknown command.
A quicksilver dragon comes into view.
The orb of fire is no longer distracted by gold.
The quicksilver dragon becomes distracted by your gold, dreaming of imaginary riches.
The orb of fire glows red.
The fireball explodes!
The fireball engulfs you! You resist.
The quicksilver dragon roars deafeningly!
Okay, then.
Magic courses through your body.
The quicksilver dragon is no longer distracted by gold.
The quicksilver dragon becomes distracted by your gold, dreaming of imaginary riches.
The orb of fire glows yellow.
The bolt of fire hits you! You resist.
Casting: Lehudib's Crystal Spear (dangerous; 4% risk of failure)
Confirm with . or Enter, or press ? or * to list all spells.
Aiming: Lehudib's Crystal Spear (dangerous; 4% risk of failure)
Press: ? - help, Shift-Dir - straight line, f - Orb Guardian
Aim: an Orb Guardian (lightly wounded, 22% to evade)
Okay, then.
Casting: Lehudib's Crystal Spear (dangerous; 4% risk of failure)
Confirm with . or Enter, or press ? or * to list all spells.
Aiming: Fire Storm (dangerous; 11% risk of failure)
Press: ? - help, Dir - move target, f/p - orb of fire
Aim: an orb of fire (moderately damaged)
You feel a surge of power!
A raging storm of fire appears!
The great blast of fire engulfs the orb of fire!!
The orb of fire partially resists.
The orb of fire is heavily damaged.
The great blast of fire engulfs the electric golem!!!
The electric golem partially resists.
The electric golem is heavily damaged.
The great blast of fire engulfs the Orb Guardian!!!!
You kill the Orb Guardian!
The quicksilver dragon roars deafeningly!
The electric golem is engulfed in blazing flames.
The electric golem hurls lightning at you.
The bolt of lightning misses you.
An Orb Guardian comes into view.
The orb of fire becomes distracted by the nearby gold, dreaming of imaginary riches.
The electric golem is engulfed in blazing flames.
A ghost moth comes into view.
The Orb Guardian is engulfed in blazing flames.
The Orb Guardian hits your fire vortex!!!
Your fire vortex dissipates!
Your Necromancy skill increases to level 13!
Casting: Fire Storm (dangerous; 11% risk of failure)
Confirm with . or Enter, or press ? or * to list all spells.
Aiming: Fire Storm (dangerous; 11% risk of failure)
Press: ? - help, Dir - move target, f/p - orb of fire
Aim: an orb of fire (flame, heavily damaged)
You feel a surge of power!
A raging storm of fire appears!
The great blast of fire engulfs the orb of fire!!
The orb of fire partially resists.
The orb of fire is severely damaged.
The orb of fire is no longer distracted by gold.
The great blast of fire engulfs the Orb Guardian!!!
You kill the Orb Guardian!
You feel a bit more experienced.
The great blast of fire engulfs the electric golem!!!
The electric golem partially resists.
You destroy the electric golem!
The ghost moth becomes distracted by your gold, dreaming of imaginary riches.
Unknown command.
Casting: Fire Storm (dangerous; 10% risk of failure)
Confirm with . or Enter, or press ? or * to list all spells.
Aiming: Fire Storm (dangerous; 10% risk of failure)
Press: ? - help, Dir - move target, f/p - orb of fire
Aim: an orb of fire (flame, severely damaged)
You feel a surge of power!
A raging storm of fire appears!
The great blast of fire engulfs the orb of fire!!
The orb of fire partially resists.
The orb of fire is almost destroyed.
* * * LOW MAGIC WARNING * * *
The quicksilver dragon is no longer distracted by gold.
A Killer Klown comes into view. It is wielding a +12 club of flaming.
The orb of fire emits a lurid red light.
Strange energies course through your body.
You feel weaker. [a] - 240 gold - heal wounds and curing [b] - 378 gold - resistance and invisibility [c] - 625 gold - invisibility, might, lignification and resistance Purchase which effect?
You feel much better.
You feel better.
The quicksilver dragon becomes distracted by your gold, dreaming of imaginary riches.
The orb of fire emits a lurid red light.
The fireball explodes!
The fireball engulfs you! You resist.
An Orb Guardian comes into view.
The Orb Guardian is engulfed in blazing flames.
Magic courses through your body.
The ghost moth is no longer distracted by gold.
The quicksilver dragon is no longer distracted by gold.
Your fire vortex closely misses the Killer Klown.
The quicksilver dragon breathes dispelling energy at you.
The bolt of dispelling energy hits you!!!
Your magical effects are unravelling.
The ghost moth becomes distracted by your gold, dreaming of imaginary riches.
Unknown command.
Casting: Fire Storm (dangerous; 11% risk of failure)
Confirm with . or Enter, or press ? or * to list all spells.
Aiming: Lehudib's Crystal Spear (dangerous; 4% risk of failure)
Press: ? - help, Shift-Dir - straight line, f/p - orb of fire
Aim: an orb of fire (severely damaged, 37% to evade)
You feel a surge of power!
The crystal spear hits the orb of fire!!!
You destroy the orb of fire!
The sentinel's mark upon you fades away.
The Killer Klown is engulfed in blazing flames.
The Killer Klown becomes distracted by the nearby gold, dreaming of imaginary riches.
The Orb Guardian becomes distracted by the nearby gold, dreaming of imaginary riches.
An orb of fire comes into view.
Your fire vortex completely misses the orb of fire.
Casting: Lehudib's Crystal Spear (dangerous; 4% risk of failure)
Confirm with . or Enter, or press ? or * to list all spells.
Aiming: Fire Storm (dangerous; 10% risk of failure)
Press: ? - help, Dir - move target You feel a surge of power!
A raging storm of fire appears!
The great blast of fire engulfs the orb of fire!!
The orb of fire partially resists.
The orb of fire is lightly damaged.
The great blast of fire engulfs the Orb Guardian!!!!
You kill the Orb Guardian!
The great blast of fire engulfs the Killer Klown!!!
The Killer Klown is moderately wounded.
The Killer Klown is no longer distracted by gold.
The Killer Klown shouts!
The ghost moth is no longer distracted by gold.
The Killer Klown is engulfed in blazing flames.
The orb of fire glows deep purple.
The bolt of fire hits you! You resist.
Your fire vortex hits the orb of fire.
Your fire vortex dissipates!
The ghost moth becomes distracted by your gold, dreaming of imaginary riches.
The Killer Klown becomes distracted by the nearby gold, dreaming of imaginary riches.
Really walk into that dispersal trap?
You enter a dispersal trap!
The Killer Klown blinks!
The quicksilver dragon blinks!
Your fire vortex blinks! x3
The orb of fire blinks!
Your fire vortex blinks!
The ghost moth blinks!
The quicksilver dragon blinks!
Your fire vortex blinks! x2
The Killer Klown blinks!
The Killer Klown disappears!
Your fire vortex blinks! x2
The quicksilver dragon breathes dispelling energy at you.
The bolt of dispelling energy hits you!
There is a dispersal trap here.
Unknown command.
Unknown command.
Casting: Fire Storm (dangerous; 10% risk of failure)
Confirm with . or Enter, or press ? or * to list all spells.
Aiming: Fire Storm (dangerous; 10% risk of failure)
Press: ? - help, Dir - move target You feel a surge of power!
A raging storm of fire appears!
The great blast of fire engulfs the quicksilver dragon!!!
The quicksilver dragon is almost dead.
The great blast of fire engulfs the orb of fire!!
The orb of fire partially resists.
The orb of fire is moderately damaged.
* * * LOW MAGIC WARNING * * *
An Orb Guardian comes into view.
The quicksilver dragon is engulfed in blazing flames.
You kill the quicksilver dragon!
The orb of fire pulls the alarm!
The alarm trap emits a blaring wail!
A sentinel's mark forms upon you.
The Orb Guardian is engulfed in blazing flames.
The Orb Guardian becomes distracted by the nearby gold, dreaming of imaginary riches.
You hear a shout!
The orb of fire becomes distracted by the nearby gold, dreaming of imaginary riches.
Your fire vortex hits the orb of fire.
Your fire vortex dissipates!
Your body shudders with the violent release of wild energies!
Your system partially rejects the healing effects of potions.
The orb of fire is no longer distracted by gold.
The ghost moth stares at you.
You feel your power leaking away.
* * * LOW MAGIC WARNING * * *
The ghost moth becomes distracted by your gold, dreaming of imaginary riches.
The orb of fire becomes distracted by the nearby gold, dreaming of imaginary riches.
You see here a +0 morningstar.
The ghost moth is no longer distracted by gold.
The ghost moth stares at something.
The ghost moth stares at you.
You feel your power leaking away.
* * * LOW MAGIC WARNING * * *
You feel less contaminated with magical energies.
The ghost moth stares at you.
You see here a +0 club.
The ghost moth stares at you.
You feel your power leaking away.
* * * LOW MAGIC WARNING * * *
The Orb Guardian becomes distracted by your gold, dreaming of imaginary riches.
The ghost moth becomes distracted by your gold, dreaming of imaginary riches.
The ghost moth is no longer distracted by gold.
You see here a +10 vampiric club.
The ghost moth stares at you.
You feel your power leaking away.
* * * LOW MAGIC WARNING * * *
The ghost moth stares at you.
There is an open door here.
Okay, then.
Unknown command.
Okay, then.
Okay, then.
Your hands tingle!
a - a +9 lajatang of speed (weapon)
Your system partially rejects the healing.
You feel much better.
Okay, then. [a] - 360 gold - resistance, might and brilliance [b] - 406 gold - resistance and might [c] - 432 gold - heal wounds, curing and magic Purchase which effect?
You feel much better.
You feel better. Magic courses through your body.
b - a staff of conjuration (weapon)
The sentinel's mark upon you fades away.
The orb of fire emits a lurid red light.
Strange energies course through your body.
You feel frail.
Casting: Fire Storm (dangerous; 10% risk of failure)
Confirm with . or Enter, or press ? or * to list all spells.
Aiming: Lehudib's Crystal Spear (dangerous; 4% risk of failure)
Press: ? - help, Shift-Dir - straight line, f - orb of fire
Aim: an orb of fire (37% to evade)
You feel a surge of power!
The crystal spear hits the orb of fire!!!
The orb of fire is heavily damaged.
You block the Orb Guardian's attack. The ghost moth stares at you.
You feel your power leaking away. You block the Orb Guardian's attack.
An Orb Guardian comes into view.
Casting: Lehudib's Crystal Spear (dangerous; 4% risk of failure)
Confirm with . or Enter, or press ? or * to list all spells.
Aiming: Lehudib's Crystal Spear (dangerous; 4% risk of failure)
Press: ? - help, Shift-Dir - straight line, f/p - orb of fire
Aim: an orb of fire (heavily damaged, 37% to evade)
You feel a surge of power!
The crystal spear hits the orb of fire!!!
The orb of fire is almost destroyed.
* * * LOW MAGIC WARNING * * *
The ghost moth stares at you.
You feel your power leaking away.
* * * LOW MAGIC WARNING * * *
Casting: Lehudib's Crystal Spear (dangerous; 4% risk of failure)
Confirm with . or Enter, or press ? or * to list all spells.
You don't have enough magic to cast this spell.
Unknown command.
The ghost moth stares at you.
You block the ghost moth's attack. x2; The ghost moth closely misses you.
You block the Orb Guardian's attack.
The orb of fire glows deep purple.
Strange energies course through your body.
You feel clumsy.
You have lost your dexterity.
The Killer Klown blinks!
The ghost moth stares at you.
The orb of fire glows bright magenta.
The bolt of fire hits you. You resist. The Orb Guardian hits you!
The Orb Guardian hits you!!
A moth of wrath comes into view.
The Orb Guardian hits you! x2
You can move again.
Unknown command.
Unknown command.
You're wearing all the rings you can.
Remove which one? (? for menu, Esc to cancel) > or
o - the ring of Gares {rPois rF+ rC+ Dex-5 SInv} < or
w - the ring of Jealousy {rC+ Will++ Str+6 Dex-4 Stlth+} You remove the ring of Gares {rPois rF+ rC+ Dex-5 SInv}.
The Orb Guardian hits you but does no damage. x2
The ghost moth stares at you.
You feel your power leaking away.
* * * LOW MAGIC WARNING * * *
You feel stronger.
d - the ring "Nanahage" (right hand) {rPois rF+ rC- Str+5} The Orb Guardian hits you!
* * * LOW HITPOINT WARNING * * *
The Orb Guardian hits you!!
* * * LOW HITPOINT WARNING * * *
The ghost moth stares at you.
Okay, then. [a] - 728 gold - resistance, heal wounds, curing and magic [b] - 324 gold - invisibility and might [c] - 529 gold - resistance, invisibility and heal wounds Purchase which effect?
You feel protected.
You feel much better.
You feel better. Magic courses through your body. The Orb Guardian hits you!!
* * * LOW HITPOINT WARNING * * *
The Orb Guardian hits you!
* * * LOW HITPOINT WARNING * * *
The moth of wrath goads the Orb Guardian on!
The Orb Guardian goes berserk!
The moth of wrath goads the Orb Guardian on!
The Orb Guardian goes berserk!
The orb of fire glows red.
Strange energies course through your body.
Rugged brown scales grow over part of your body.
The Orb Guardian barely misses you. The Orb Guardian hits you!!!
* * * LOW HITPOINT WARNING * * *
The orb of fire glows deep purple.
The bolt of fire hits you. You resist.
* * * LOW HITPOINT WARNING * * *
Okay, then.
Unknown command.
Unknown command.
Unknown command.
Unknown command.
Unknown command.
Unknown command.
Unknown command.
Unknown command.
Do you want to bribe the denizens of the Realm of Zot?
Gozag spreads your bribe to the Realm of Zot!
The Orb Guardian hits you!!
You die...
Your body crumbles into a pile of gold.

##.)#.#.#)#######..###......##.##
###.#.#)#...........##.....###...
.......))....####..###.....###..#
..#.#.#...)........# #........###
..#.#.#............# #...........
..#.#.#.......≈...)###........###
..#.#.#.......≈.................#
..#.#...........XXy.............#
..#.#...........@*p.##.###.......
..#.#.....########y.##...'{.....#
.<#.#.#.#.########..######{{....#
........#................y{{X....
################▓▓▓▓########.####
#..............## #......{{....
.^..^..^........## ##.......^...
..........§......## #...........
......$.....^.....# ##...y......


You could see an orb of fire, a Killer Klown, 2 Orb Guardians, a ghost moth
(invisible) and a moth of wrath.

Vanquished Creatures
  the Royal Jelly (Slime:5)
  3 dread liches
  4 ancient liches
  4 orbs of fire
  The ghost of Bealaq the Black Belt, a legendary GnFE of Okawaru (Zot:3)
  The ghost of Hilir the Spawn of Chaos, a legendary DDFi of Makhleb (Zot:3)
  Mara (Spider:4)
  Margery (Vaults:4)
  4 Killer Klowns (Zot:5)
  Xtahua (Vaults:3)
  A caustic shrike (Depths:3)
  2 curse toes (Zot:5)
  9 golden dragons
  4 bone dragons
  Nikola (Swamp:1)
  Arachne (Spider:3)
  The ghost of SpeedRobin the Spawn of Chaos, an adept DDFi of Makhleb (Vaults:1)
  3 electric golems
  3 liches
  The ghost of Jotoc the Brawler, an adept TrBe of Trog (Spider:3)
  12 tentacled monstrosities
  Jorgrun (Swamp:1)
  22 Orb Guardians (Zot:5)
  6 titans
  7 quicksilver dragons
  11 acid blobs
  2 deep elf blademasters (Elf:3)
  3 deep elf master archers
  16 ancient champions
  Frances (Swamp:1)
  A tentacled starspawn (D:14)
  10 death cobs
  6 thorn hunters
  10 sphinxes
  Gastronok (Lair:3)
  Kirke (D:12)
  10 tengu reavers
  13 storm dragons
  Donald (Spider:4)
  9 shadow dragons
  2 revenants
  8 draconian monks
  9 rockslimes
  2 fenstrider witches
  A fire giant (shapeshifter) (Vaults:5)
  4 iron dragons
  5 fire giants
  5 draconian scorchers
  20 vault wardens
  9 azure jellies
  9 ghost moths
  Aizul (Spider:3)
  A balrug (Depths:2)
  3 deep elf sorcerers
  8 draconian knights
  10 frost giants
  12 deep elf elementalists
  Louise (Elf:1)
  5 emperor scorpions
  An orc warlord (Vaults:1)
  4 draconian shifters
  11 ghouls
  4 draconian stormcallers
  A spriggan defender (Depths:3)
  4 war gargoyles
  20 ironbound preservers
  7 draconian annihilators
  15 stone giants
  A reaper (Crypt:3)
  23 very ugly things
  A quicksilver ooze (shapeshifter) (Vaults:1)
  13 vampire knights
  16 quicksilver oozes
  15 black draconians
  4 deep elf demonologists
  12 green draconians
  11 purple draconians
  10 entropy weavers
  The ghost of ALWAYSlose the Carver, a journeyman DsBe of Trog (D:14)
  9 deep elf annihilators
  10 white draconians
  8 spark wasps
  Azrael (Spider:3)
  11 red draconians
  11 yellow draconians
  4 bunyips
  5 dire elephants
  6 eidola
  9 deep elf death magi
  5 eleionomae
  8 ettins
  16 yaktaur captains
  10 jiangshi
  3 mummy priests (Crypt:3)
  11 great orbs of eyes
  11 fire dragons
  2 shambling mangroves (Swamp:2)
  8 deep elf high priests
  2 green deaths (Swamp:4)
  2 fenstrider witch zombies
  10 ironbound thunderhulks
  3 rakshasas
  22 hydras
  A peacekeeper (Vaults:4)
  5 ice dragons
  6 boulder beetles
  2 anacondas (Lair:5)
  2 hell beasts (Swamp:4)
  39 vault guards
  A ghost crab (Swamp:4)
  3 ogre magi
  3 spriggan air magi
  A catoblepas (Lair:6)
  Erica (D:9)
  14 ironbound frosthearts
  14 centaur warriors
  10 deep troll shamans
  A fenstrider witch skeleton (Crypt:2)
  11 alligators
  2 death knights
  10 deep troll earth magi
  A queen ant (Spider:2)
  A shock serpent (shapeshifter) (Vaults:5)
  Urug (Lair:1)
  4 ironbound beastmasters
  4 spriggan berserkers
  4 death yaks
  10 vampire magi
  2 thrashing horrors (Swamp:4)
  7 tengu warriors
  8 two-headed ogres
  A soul eater (Crypt:2)
  A titan zombie (Crypt:3)
  16 hell knights
  Sonja (Lair:3)
  29 skeletal warriors
  2 sun demons (Depths:2)
  15 deep elf knights
  A spectral spark wasp (Spider:3)
  5 iron trolls
  3 goliath frogs
  3 shadow wraiths
  2 storm dragon skeletons (Depths:3)
  4 spriggan druids
  A titan skeleton (Vaults:4)
  58 deep trolls
  A death drake (Swamp:2)
  7 glowing orange brains
  An unseen horror (shapeshifter) (Depths:4)
  9 flayed ghosts
  5 swamp dragons
  3 golden dragon skeletons (Depths:3)
  17 ironbound convokers
  11 bog bodies
  9 deep elf archers
  3 lindwurms (Vaults:2)
  12 wizards
  A sphinx zombie (Crypt:1)
  A bunyip skeleton (Crypt:2)
  14 phantasmal warriors
  2 obsidian statues
  Pikel (D:9)
  3 harpies (Vaults:2)
  10 necromancers
  2 shadow dragon skeletons
  30 deep elf zephyrmancers
  A spectral wolf spider (Spider:3)
  11 orb spiders
  A frost giant zombie (Crypt:2)
  An iron dragon zombie (Depths:3)
  6 orc knights
  2 cyclopes
  31 wolf spiders
  11 orc sorcerers (Orc:2)
  A worldbinder (D:14)
  24 deep elf pyromancers
  A mana viper (shapeshifter) (Depths:4)
  A stone giant zombie (Crypt:3)
  A shining eye (Slime:1)
  A moth of wrath (shapeshifter) (Vaults:5)
  An oklob plant (Lair:1)
  A shining eye (shapeshifter) (Vaults:4)
  A manticore (D:12)
  3 will-o-the-wisps
  66 ugly things
  2 tengu skeletons (Depths:3)
  A salamander (Depths:3)
  16 elephants
  24 moths of wrath
  2 salamanders (shapeshifter)
  2 fire giant skeletons
  2 iron dragon skeletons (Crypt:3)
  A rust devil (Depths:4)
  4 black mambas
  2 guardian serpents (Depths:2)
  Joseph (Lair:1)
  14 vault sentinels
  7 eyes of devastation
  3 stone giant skeletons
  4 torpor snails
  2 gargoyles (D:14)
  3 frost giant skeletons (Depths:3)
  A cane toad (shapeshifter) (Depths:4)
  3 orange demons (Swamp:4)
  21 cane toads
  19 demonic crawlers
  4 kobold demonologists (D:14)
  A white draconian zombie (Crypt:1)
  2 centaur skeletons
  26 yaktaurs
  10 freezing wraiths
  Psyche (D:8)
  4 komodo dragons
  A yaktaur zombie (Vaults:4)
  A hellion (Depths:3)
  A komodo dragon (shapeshifter) (Vaults:5)
  A minotaur skeleton (Crypt:2)
  7 rime drakes
  4 tengu conjurers
  A hellwing (Depths:3)
  10 guardian mummies (Crypt:3)
  A catoblepas skeleton (Crypt:3)
  6 trolls
  An entropy weaver simulacrum (Spider:3)
  3 meliai (D:15)
  A polar bear (shapeshifter) (Elf:2)
  A meliai (shapeshifter) (Depths:4)
  30 hornets
  29 jumping spiders
  3 polar bears
  A spectral moth of wrath (Spider:3)
  4 spectral tarantellas (Spider:3)
  A wolf spider simulacrum (Spider:3)
  A raiju (shapeshifter) (Depths:5)
  19 blink frogs
  11 tyrant leeches
  An ettin zombie (Crypt:1)
  A frost giant simulacrum (Depths:1)
  A blink frog (shapeshifter) (Vaults:5)
  80 slime creatures
  A fire dragon zombie (Depths:1)
  A stone giant simulacrum (Crypt:3)
  3 dream sheep (Lair:6)
  A deep troll skeleton (Depths:1)
  3 elf skeletons
  6 flying skulls (Crypt:1)
  2 alligator skeletons
  4 water elementals
  A vampire (D:10)
  72 redbacks
  15 spriggans
  Sigmund (D:4)
  3 ushabtiu (Crypt:3)
  A spriggan skeleton (Depths:1)
  33 tarantellas
  4 wyverns
  A black mamba skeleton (Crypt:1)
  5 shadows
  4 air elementals
  46 yaks
  3 ice dragon skeletons
  11 wraiths
  7 hogs (D:12)
  6 basilisks
  A golden eye (shapeshifter) (Depths:4)
  7 fire elementals
  13 vampire mosquitoes
  3 large abominations
  A redback simulacrum (D:15)
  10 golden eyes
  14 wargs
  A steam dragon (D:9)
  A two-headed ogre zombie (Crypt:2)
  27 soldier ants
  18 swamp worms
  A swamp worm (shapeshifter) (Depths:5)
  20 water moccasins
  A faun skeleton (Crypt:3)
  5 hell hounds
  2 floating eyes
  A water nymph skeleton (Crypt:2)
  A torturous demonspawn skeleton (Crypt:2)
  23 orc warriors
  3 swamp drakes
  5 sky beasts
  5 black bears
  3 ice beasts
  20 wolves
  A deep troll simulacrum (Depths:1)
  An ettin simulacrum (Crypt:3)
  13 ogres
  2 necrophages
  13 centaurs
  A dream sheep skeleton (Crypt:1)
  The ghost of Dittersdorf the Shield-Bearer, an amateur GrFi of Okawaru (D:3)
  A blink frog skeleton (Crypt:1)
  3 phantoms
  An elf zombie (Crypt:3)
  An octopode zombie (Crypt:1)
  A kobold brigand (Sewer)
  A rime drake skeleton (Crypt:1)
  27 bullfrogs
  2 gnoll sergeants
  A yaktaur skeleton (Crypt:3)
  A komodo dragon skeleton (Crypt:3)
  An orb spider simulacrum (Spider:3)
  7 earth elementals
  4 scorpions
  A water moccasin skeleton (D:8)
  2 wyvern skeletons (D:8)
  11 killer bees
  A human simulacrum (Vaults:4)
  A yak zombie (Crypt:2)
  8 electric eels
  15 wights
  2 vampire bats (Lair:1)
  A polar bear skeleton (Crypt:1)
  7 howler monkeys
  A crimson imp (Depths:3)
  A bullfrog zombie (D:10)
  6 centaur zombies
  6 hounds
  5 human zombies (Crypt:2)
  A quasit (Depths:3)
  2 jellies
  14 orc priests
  A demonspawn zombie (Crypt:1)
  A bullfrog skeleton (D:5)
  3 iguanas
  43 orc wizards
  29 worker ants
  A killer bee zombie (D:3)
  A tengu zombie (Crypt:1)
  A hound skeleton (D:7)
  A mummy (Crypt:2)
  5 gnolls (D:10)
  2 howler monkey skeletons
  2 worker ant zombies
  15 adders
  3 river rats (Sewer)
  5 shadow imps
  3 white imps
  2 ufetubi
  An ooze (D:5)
  An adder zombie (D:7)
  2 adder skeletons
  2 worms
  4 dart slugs
  8 leopard geckos
  106 orcs
  A ball python (D:4)
  13 bats
  5 giant cockroaches
  9 goblins
  8 hobgoblins
  20 jackals
  16 kobolds
  8 quokkas
  2 dart slug zombies
  2 frilled lizards
  A jackal skeleton (D:5)
  A leopard gecko skeleton (D:5)
  A leopard gecko zombie (D:6)
  10 rats
  6 bushes
  2 starspawn tentacles (D:14)
2621 creatures vanquished.

Vanquished Creatures (collateral kills)
  A tentacled monstrosity (Vaults:5)
  An Orb Guardian (Zot:5)
  An entropy weaver (Vaults:5)
  A spark wasp (Depths:2)
  A necromancer (Vaults:5)
  A komodo dragon (shapeshifter) (Depths:4)
  A crimson imp (Depths:2)
  19 foxfires
26 creatures vanquished.

Vanquished Creatures (others)
  A Killer Klown (Zot:3)
  A tengu reaver (Vaults:5)
  A draconian scorcher (Depths:5)
  13 dancing weapons
  2 deep elf knights
  An orc knight (Orc:2)
  A deep elf zephyrmancer (Elf:2)
  An orc (Orc:2)
  67 fire vortices
  4128 foxfires
  84 fungi
  A lurking horror (D:14)
  136 plants
  2 withered plants (Vaults:3)
4439 creatures vanquished.

Grand Total: 7086 creatures vanquished

Notes
Turn   | Place    | Note
-------+----------+-------------------------------------------
     0 | D:1      | sleeves the Formicid Fire Elementalist began the quest for
                  | the Orb.
     0 | D:1      | Reached XP level 1. HP: 13/13 MP: 3/3
    48 | D:1      | Reached skill level 1 in Conjurations
   131 | D:1      | Reached XP level 2. HP: 19/19 MP: 0/5
   714 | D:1      | Reached XP level 3. HP: 18/24 MP: 3/6
  1125 | D:2      | Found a broken altar of Ashenzari.
  1524 | D:2      | Found Lodyqug's Assorted Antiques.
  1581 | D:2      | HP: 12/24 [poisoned by an adder]
  1583 | D:2      | Reached skill level 3 in Spellcasting
  1583 | D:2      | Reached XP level 4. HP: 14/30 MP: 1/8
  1586 | D:2      | HP: 12/30 [poisoned by an adder]
  1592 | D:2      | HP: 9/30 [poisoned by an adder]
  1598 | D:2      | HP: 8/30 [poisoned by an adder]
  1606 | D:2      | HP: 7/30 [poisoned by an adder]
  1870 | D:2      | Reached skill level 2 in Conjurations
  2134 | D:2      | Found Voruad's Magic Scroll Shoppe.
  2137 | D:2      | Found Ralest's Weapon Shop.
  2410 | D:2      | Found a shimmering altar of Xom.
  2423 | D:2      | Found a stormy altar of Qazlal.
  2431 | D:2      | Found a burning altar of Makhleb.
  2445 | D:2      | Found an ancient bone altar of Kikubaaqudgha.
  2478 | D:2      | Reached XP level 5. HP: 25/35 MP: 5/10
  2644 | D:2      | Found Mecam's Antique Weapon Boutique.
  2996 | D:3      | Reached skill level 4 in Fire Magic
  3499 | D:3      | Found a runed translucent gate.
  3499 | D:3      | Found a runed translucent gate.
  3500 | D:3      | Found a runed translucent gate.
  3501 | D:3      | Noticed Dittersdorf's ghost (amateur GrFi)
  4224 | D:4      | Noticed Sigmund
  4237 | D:4      | Killed Sigmund
  4238 | D:4      | Reached skill level 4 in Spellcasting
  4238 | D:4      | Reached skill level 3 in Conjurations
  4238 | D:4      | Reached XP level 6. HP: 41/41 MP: 1/12
  4340 | D:4      | Noticed an ogre
  4558 | D:4      | Killed an ogre
  4559 | D:4      | Reached skill level 5 in Fire Magic
  4559 | D:4      | Reached XP level 7. HP: 33/46 MP: 5/13
  4888 | D:4      | Reached skill level 5 in Spellcasting
  4888 | D:4      | Reached skill level 4 in Conjurations
  4894 | D:4      | HP: 23/46 [poisoned by a scorpion]
  4899 | D:4      | HP: 20/46 [poisoned by a scorpion]
  4904 | D:4      | HP: 17/46 [poisoned by a scorpion]
  4909 | D:4      | HP: 16/46 [poisoned by a scorpion]
  4916 | D:4      | HP: 15/46 [poisoned by a scorpion]
  4924 | D:4      | HP: 14/46 [poisoned by a scorpion]
  5777 | D:5      | Entered Level 5 of the Dungeon
  5814 | D:5      | Reached XP level 8. HP: 52/52 MP: 10/15
  5822 | D:5      | Learned a level 4 spell: Sticky Flame
  5828 | D:5      | Learned a level 3 spell: Conjure Flame
  6102 | D:5      | Reached skill level 1 in Shields
  6381 | D:5      | Found a glowing drain.
  6395 | Sewer    | Entered a sewer
  6424 | Sewer    | Reached skill level 2 in Shields
  6668 | Sewer    | Found a glowing silver altar of Zin.
  7140 | D:5      | Reached skill level 6 in Fire Magic
  7226 | D:5      | Found a shimmering blue altar of Sif Muna.
  7372 | D:6      | Found a staircase to the Ecumenical Temple.
  7389 | Temple   | Entered the Ecumenical Temple
  7565 | Temple   | Became a worshipper of Gozag Ym Sagoz the Greedy
  7635 | D:6      | Reached skill level 3 in Shields
  7977 | D:6      | Reached skill level 5 in Conjurations
  7985 | D:6      | Reached skill level 6 in Spellcasting
  7989 | D:6      | Reached XP level 9. HP: 30/57 MP: 6/18
  8237 | D:6      | Found a glowing golden altar of the Shining One.
  8299 | D:6      | Learned a level 4 spell: Passage of Golubria
  8351 | D:6      | Reached skill level 4 in Shields
  8486 | D:6      | Reached skill level 1 in Translocations
  8931 | D:6      | Found a hazy altar of Hepliaklqana.
  9277 | D:6      | Reached skill level 7 in Fire Magic
  9508 | D:7      | Reached skill level 2 in Translocations
 10462 | D:7      | Reached skill level 7 in Spellcasting
 10462 | D:7      | Reached skill level 6 in Conjurations
 10622 | D:7      | Learned a level 5 spell: Fireball
 11100 | D:8      | Reached skill level 3 in Translocations
 11164 | D:8      | Noticed Psyche
 11165 | D:8      | Noticed a hornet
 11176 | D:8      | Killed Psyche
 11177 | D:8      | Reached XP level 10. HP: 63/63 MP: 10/21
 11350 | D:8      | Noticed a two-headed ogre
 11358 | D:8      | Noticed a two-headed ogre
 11588 | D:8      | HP: 29/63 [two-headed ogre/+0 giant club (17)]
 11629 | D:8      | HP: 17/63 [two-headed ogre/+0 giant club (20)]
 11631 | D:8      | Killed a two-headed ogre
 11632 | D:8      | Reached skill level 4 in Translocations
 11632 | D:8      | Reached skill level 8 in Fire Magic
 11946 | D:8      | Killed a two-headed ogre
 11947 | D:8      | Reached skill level 8 in Spellcasting
 11947 | D:8      | Reached skill level 7 in Conjurations
 12581 | D:8      | Identified the +3 spear of Geynemeush {flame, *Noise +Fly
                  | Int+3}
 12923 | D:8      | Identified the +1 rapier of the Hierophant {speed, rPois
                  | rF+}
 13554 | D:9      | Noticed Erica
 13563 | D:9      | Killed Erica
 13564 | D:9      | Reached skill level 5 in Translocations
 13564 | D:9      | Reached XP level 11. HP: 49/68 MP: 6/23
 13665 | D:9      | Noticed Pikel
 13673 | D:9      | Killed Pikel
 13674 | D:9      | Reached skill level 9 in Fire Magic
 13771 | D:9      | Found a runed translucent gate.
 13773 | D:9      | Found a runed translucent gate.
 13773 | D:9      | Found a runed translucent gate.
 13853 | D:9      | Found a runed translucent door.
 13862 | D:9      | Found the +9 staff of Olgreb {rPois∞}
 13943 | D:9      | Found a runed translucent door.
 14272 | D:9      | Reached skill level 9 in Spellcasting
 14344 | D:9      | Noticed Erolcha
 14990 | D:10     | Entered Level 10 of the Dungeon
 15004 | D:10     | Reached skill level 8 in Conjurations
 15068 | D:10     | Noticed an eight-headed hydra
 15079 | D:10     | HP: 31/68 [eight-headed hydra (5)]
 15082 | D:10     | Killed an eight-headed hydra
 15412 | D:10     | Reached skill level 6 in Translocations
 16026 | D:10     | HP: 27/68 [orc priest/divine providence (11)]
 16036 | D:10     | HP: 13/68 [orc priest/divine providence (16)]
 16471 | D:10     | Found a staircase to the Orcish Mines.
 17600 | D:10     | Found a staircase to the Lair.
 17829 | Lair:1   | Entered Level 1 of the Lair of Beasts
 18031 | Lair:1   | Noticed an oklob plant
 18074 | Lair:1   | You fall into a shaft and drop 1 floor!
 18074 | Lair:2   | Found a hole to the Spider Nest.
 18081 | Lair:2   | You fall into a shaft and drop 2 floors!
 18081 | Lair:4   | Found a glowing golden altar of the Shining One.
 18148 | Lair:4   | Noticed a six-headed hydra
 18197 | Lair:4   | Reached XP level 12. HP: 53/74 MP: 1/25
 18393 | Lair:4   | Reached skill level 5 in Shields
 18487 | Lair:4   | Noticed a seven-headed hydra
 18504 | Lair:4   | Killed a seven-headed hydra
 18505 | Lair:4   | Reached skill level 3 in Stealth
 18505 | Lair:4   | Reached skill level 10 in Fire Magic
 18516 | Lair:4   | HP: 37/74 [poisoned by a water moccasin]
 18521 | Lair:4   | HP: 35/74 [poisoned by a water moccasin]
 18526 | Lair:4   | HP: 33/74 [poisoned by a water moccasin]
 18532 | Lair:4   | HP: 33/74 [poisoned by a water moccasin]
 18540 | Lair:4   | HP: 32/74 [poisoned by a water moccasin]
 18795 | Lair:3   | Noticed Gastronok
 19070 | Lair:4   | Reached skill level 10 in Spellcasting
 19070 | Lair:4   | Reached skill level 7 in Translocations
 19130 | Lair:4   | HP: 30/74 [wolf (8)]
 19133 | Lair:4   | Reached skill level 9 in Conjurations
 19487 | Lair:4   | Killed a six-headed hydra
 19488 | Lair:4   | Reached skill level 4 in Stealth
 19933 | Lair:3   | Reached skill level 5 in Stealth
 19945 | Lair:3   | Identified the +6 hunting sling "Gram" {flame, +Inv Will+
                  | Int+3 Stlth+}
 21081 | Lair:1   | Reached skill level 6 in Stealth
 21246 | Lair:1   | Reached XP level 13. HP: 61/79 MP: 13/27
 21367 | Lair:1   | Noticed Urug
 21374 | Lair:1   | Killed Urug
 21375 | Lair:1   | Reached skill level 11 in Fire Magic
 21898 | Lair:1   | Noticed Joseph
 22051 | Lair:1   | Killed Joseph
 22052 | Lair:1   | Reached skill level 7 in Stealth
 22734 | Lair:1   | Reached skill level 11 in Spellcasting
 23044 | Lair:2   | Reached skill level 10 in Conjurations
 23625 | Lair:2   | Identified the +1 hand axe of Dust {holy, +Rage Int+2}
 24196 | Lair:3   | Reached skill level 8 in Stealth
 24227 | Lair:3   | Noticed Sonja
 24230 | Lair:3   | Killed Sonja
 24354 | Lair:3   | HP: 23/79 [rime drake/flash freeze (23)]
 25395 | Lair:3   | Noticed an eight-headed hydra
 25448 | Lair:3   | Killed an eight-headed hydra
 25449 | Lair:3   | Reached skill level 9 in Stealth
 25548 | Lair:3   | Noticed a four-headed hydra
 25587 | Lair:3   | Killed a four-headed hydra
 25749 | Lair:3   | Found a staircase to the Swamp.
 26130 | Lair:3   | HP: 28/79 [Gastronok/the air (27)]
 26484 | Lair:5   | Noticed a seven-headed hydra
 26684 | Lair:5   | Reached XP level 14. HP: 85/85 MP: 22/29
 26691 | Lair:5   | Reached skill level 12 in Fire Magic
 26963 | Lair:5   | HP: 37/85 [elephant (15)]
 27207 | Lair:5   | HP: 42/85 [anaconda (1)]
 27211 | Lair:5   | Reached skill level 12 in Spellcasting
 27212 | Lair:5   | HP: 9/85 [torpor snail (17)]
 27692 | Lair:5   | Reached skill level 10 in Stealth
 27789 | Lair:5   | Reached skill level 11 in Conjurations
 27959 | Lair:5   | Found a staircase to the Slime Pits.
 29304 | Lair:5   | HP: 41/85 [wolf spider (9)]
 29551 | Lair:5   | Noticed a dire elephant
 29595 | Lair:5   | HP: 38/85 [five-headed hydra (11)]
 30447 | Lair:6   | Entered Level 6 of the Lair of Beasts
 30516 | Lair:5   | HP: 40/85 [vampire mosquito (6)]
 30671 | Lair:5   | Killed a dire elephant
 30861 | Lair:6   | Reached skill level 13 in Fire Magic
 31191 | Lair:6   | Reached skill level 13 in Spellcasting
 31361 | Lair:6   | Reached XP level 15. HP: 73/90 MP: 14/32
 31473 | Lair:6   | HP: 39/90 [five-headed hydra (13)]
 31478 | Lair:6   | HP: 38/90 [poisoned by a water moccasin]
 31483 | Lair:6   | HP: 38/90 [poisoned by a water moccasin]
 31491 | Lair:6   | HP: 38/90 [poisoned by a water moccasin]
 31709 | Lair:6   | Reached skill level 12 in Conjurations
 33326 | Lair:6   | HP: 42/90 [cane toad (10)]
 34781 | Orc:1    | Entered Level 1 of the Orcish Mines
 35499 | Orc:1    | You fall into a shaft and drop 1 floor!
 35499 | Orc:2    | Entered Level 2 of the Orcish Mines
 35511 | Orc:1    | Noticed an orc warlord
 35531 | Orc:2    | HP: 39/90 [orc knight/+2 antimagic battleaxe (21)]
 35679 | Orc:2    | Found Veasiar's Magic Scroll Shop.
 36312 | Orc:2    | Reached skill level 1 in Armour
 36543 | Orc:2    | Reached skill level 1 in Fighting
 36543 | Orc:2    | Reached skill level 1 in Evocations
 36782 | Orc:2    | Found Bagethat's General Store.
 36931 | Orc:2    | Bought a scroll of magic mapping for 52 gold pieces
 36931 | Orc:2    | Bought a scroll of fear for 52 gold pieces
 37043 | Orc:2    | Found Qoxitom's Magic Scroll Shoppe.
 37043 | Orc:2    | Found Plog's Weapon Shop.
 37140 | Orc:2    | Reached skill level 6 in Shields
 38007 | Orc:2    | Reached skill level 2 in Armour
 38134 | Orc:2    | Found Yhiullau's Antique Weapon Emporium.
 38227 | Orc:2    | Found a staircase to the Elven Halls.
 38409 | Orc:2    | Found Fydavian's Magic Scroll Boutique.
 38420 | Orc:2    | Bought a scroll of fear for 52 gold pieces
 38426 | Orc:2    | Bought a scroll of amnesia for 52 gold pieces
 38580 | Orc:2    | Found Qoxoeda's Antique Weapon Shoppe.
 38580 | Orc:2    | Found Foippog's General Store.
 38588 | Orc:2    | Bought a steaming dagger for 196 gold pieces
 38588 | Orc:2    | Identified the +4 dagger of Yxiomump {speed, *Contam +Fly
                  | Str+6 Int-4} (You bought it in a shop on level 2 of the
                  | Orcish Mines)
 39048 | D:2      | Bought a jewelled mace for 224 gold pieces
 39048 | D:2      | Identified the +9 mace of Iclileqe {venom, *Rage rElec
                  | rC+++ MP+9} (You bought it in a shop on level 2 of the
                  | Dungeon)
 39096 | D:2      | Bought a scroll of acquirement for 676 gold pieces
 39096 | D:2      | Bought a scroll of amnesia for 45 gold pieces
 39096 | D:2      | Acquired 528 gold pieces
 39336 | D:11     | Reached skill level 2 in Fighting
 39336 | D:11     | Reached skill level 2 in Evocations
 40234 | D:11     | Found a shimmering blue altar of Sif Muna.
 40601 | D:12     | Reached skill level 14 in Fire Magic
 40936 | D:12     | Noticed Kirke
 41121 | D:12     | Reached skill level 7 in Shields
 41123 | D:12     | Killed Kirke
 41124 | D:12     | Reached XP level 16. HP: 103/103 MP: 4/33
 41675 | D:13     | HP: 45/103 [centaur warrior/arrow (14)]
 41677 | D:13     | Reached skill level 3 in Fighting
 41677 | D:13     | Reached skill level 3 in Armour
 41677 | D:13     | Reached skill level 3 in Evocations
 42174 | D:13     | Reached skill level 14 in Spellcasting
 42780 | D:13     | Identified the +3 pair of gloves of Grottiness {-Tele rElec
                  | Int+7}
 42831 | D:14     | Found a transporter.
 42831 | D:14     | Found a transporter.
 42842 | D:14     | Noticed a tentacled starspawn
 42868 | D:14     | Reached skill level 8 in Shields
 42884 | D:14     | Found a portal to a secret trove of treasure.
 42899 | D:14     | Noticed ALWAYSlose's ghost (journeyman DsBe)
 43183 | D:2      | Bought the +6 demon blade "Rituizxiu" {vamp, Dex+4} for
                  | 1084 gold pieces
 43472 | D:14     | Found Nainopn's Jewellery Shoppe.
 43832 | D:14     | Found a transporter.
 43852 | D:14     | Found a transporter.
 43941 | D:14     | Reached skill level 4 in Armour
 44127 | D:14     | Reached skill level 4 in Fighting
 44133 | D:14     | Reached skill level 4 in Evocations
 44157 | D:14     | Reached skill level 13 in Conjurations
 44274 | D:14     | Found a one-way gate to the infinite horrors of the Abyss.
 44287 | D:14     | Noticed a tentacled monstrosity
 44319 | D:14     | You paid a toll of the demon blade "Rituizxiu" to enter a
                  | treasure trove
 44320 | Trove    | Entered a treasure trove
 44340 | Trove    | Identified the amulet "Qaog" {Regen+ Dex+2}
 44456 | D:14     | Reached skill level 9 in Shields
 44572 | D:14     | Found a gate to the Vaults.
 44801 | D:15     | Entered Level 15 of the Dungeon
 44880 | D:15     | Reached skill level 5 in Armour
 44924 | D:15     | Found a staircase to the Depths.
 44925 | D:15     | Noticed a fire giant
 44935 | D:15     | Learned a level 5 spell: Lightning Bolt
 44942 | D:15     | Killed a fire giant
 44943 | D:15     | Reached skill level 5 in Fighting
 44943 | D:15     | Reached skill level 5 in Evocations
 45077 | D:15     | Reached skill level 10 in Shields
 46218 | Spider:1 | Entered Level 1 of the Spider Nest
 46522 | Lair:2   | HP: 51/110 [demonic crawler (7)]
 47044 | Spider:1 | Reached skill level 6 in Armour
 47119 | Spider:1 | Reached skill level 6 in Fighting
 47315 | Spider:1 | Reached skill level 6 in Evocations
 47599 | Spider:1 | Reached skill level 11 in Shields
 48023 | Spider:1 | HP: 55/112 [entropy weaver (10)]
 48025 | Spider:1 | Reached XP level 17. HP: 37/118 MP: 12/35
 48395 | Spider:1 | HP: 56/118 [demonic crawler (7)]
 49283 | Spider:2 | Reached skill level 2 in Dodging
 49737 | Swamp:1  | Entered Level 1 of the Swamp
 49737 | Swamp:1  | Noticed a thorn hunter
 49743 | Swamp:1  | Killed a thorn hunter
 49744 | Swamp:1  | Reached skill level 7 in Armour
 49754 | Swamp:1  | Reached skill level 7 in Fighting
 49992 | Swamp:1  | Reached skill level 12 in Shields
 50088 | Swamp:1  | Reached skill level 7 in Evocations
 50101 | Swamp:1  | Noticed Frances
 50108 | Swamp:1  | HP: 27/120 [Frances/iron shot (70)]
 50110 | Swamp:1  | Killed Frances
 50111 | Swamp:1  | Reached skill level 3 in Dodging
 50330 | Swamp:1  | Noticed Nikola
 50339 | Swamp:1  | Killed Nikola
 51019 | Swamp:1  | Noticed Jorgrun
 51027 | Swamp:1  | Killed Jorgrun
 51660 | Swamp:2  | Reached skill level 4 in Dodging
 51660 | Swamp:2  | Reached skill level 13 in Shields
 51793 | Swamp:2  | Reached skill level 8 in Armour
 51805 | Swamp:1  | Reached skill level 8 in Fighting
 52437 | Swamp:2  | Found a transporter.
 52548 | Swamp:2  | Noticed a thorn hunter
 52552 | Swamp:2  | Killed a thorn hunter
 52553 | Swamp:2  | Reached skill level 5 in Dodging
 52700 | Swamp:2  | Reached skill level 14 in Shields
 53022 | Swamp:2  | Noticed a thorn hunter
 53027 | Swamp:2  | Noticed a thorn hunter
 53054 | Swamp:2  | Found a transporter.
 53205 | Swamp:3  | Reached skill level 9 in Fighting
 53340 | Swamp:3  | Reached XP level 18. HP: 132/132 MP: 19/36
 54524 | Swamp:3  | Reached skill level 6 in Dodging
 54537 | Swamp:3  | Reached skill level 15 in Shields
 54985 | Swamp:4  | Entered Level 4 of the Swamp
 55347 | Swamp:4  | Reached skill level 10 in Fighting
 55661 | Swamp:4  | Reached skill level 7 in Dodging
 56489 | Swamp:4  | Reached skill level 8 in Dodging
 56810 | Swamp:4  | Reached skill level 9 in Dodging
 57868 | Swamp:4  | Got a decaying rune of Zot
 58308 | D:3      | Killed Dittersdorf's ghost
 58485 | D:9      | Reached skill level 10 in Dodging
 58962 | Spider:2 | Reached skill level 1 in Staves
 59208 | Spider:2 | Reached XP level 19. HP: 127/140 MP: 29/37
 59224 | Spider:2 | HP: 70/140 [entropy weaver (9)]
 59230 | Spider:2 | HP: 63/140 [soldier ant (3)]
 59837 | Spider:2 | Reached skill level 2 in Staves
 60385 | Spider:3 | Noticed Azrael
 61015 | Spider:3 | Reached skill level 3 in Staves
 61105 | Spider:3 | Noticed Arachne
 61118 | Spider:3 | HP: 69/140 [Arachne/poison arrow (4)]
 61122 | Spider:3 | Killed Arachne
 61123 | Spider:3 | Reached skill level 9 in Armour
 61141 | Spider:3 | Reached skill level 11 in Stealth
 61470 | Spider:3 | Noticed Aizul
 61549 | Spider:3 | Killed Azrael
 61797 | Spider:3 | Found a runed translucent gate.
 61799 | Spider:3 | Found a runed translucent gate.
 61801 | Spider:3 | Found a runed translucent gate.
 61804 | Spider:3 | Noticed Jotoc's ghost (adept TrBe)
 62314 | Spider:3 | Killed Aizul
 62315 | Spider:3 | Reached skill level 8 in Evocations
 62391 | Spider:3 | Reached skill level 4 in Staves
 62718 | Spider:4 | Entered Level 4 of the Spider Nest
 63528 | Spider:4 | Noticed Donald
 63554 | Spider:4 | Killed Donald
 63948 | Spider:4 | Reached skill level 5 in Staves
 63986 | Spider:4 | Reached skill level 12 in Stealth
 63995 | Spider:4 | Reached skill level 10 in Armour
 64150 | Spider:4 | Noticed Mara
 64417 | Vaults:1 | Entered Level 1 of the Vaults
 64425 | Vaults:1 | Reached skill level 9 in Evocations
 64590 | Vaults:1 | You fall into a shaft and drop 1 floor!
 64599 | Vaults:2 | Reached XP level 20. HP: 147/147 MP: 34/38
 64869 | Vaults:1 | HP: 47/147 [orc knight/+3 great sword (32)]
 64908 | Vaults:1 | Reached skill level 6 in Staves
 65599 | Vaults:1 | Reached skill level 13 in Stealth
 65949 | Vaults:1 | Reached skill level 10 in Evocations
 65951 | Vaults:1 | Reached skill level 7 in Staves
 66170 | Vaults:1 | HP: 70/147 [yaktaur captain/bolt (22)]
 66947 | Vaults:1 | Reached skill level 8 in Staves
 66968 | Vaults:1 | Reached skill level 14 in Stealth
 67092 | Vaults:1 | Found a runed translucent gate.
 67092 | Vaults:1 | Found Nufrote's Assorted Antiques.
 67093 | Vaults:1 | Found a runed translucent gate.
 67093 | Vaults:1 | Found an opulent altar of Gozag.
 67093 | Vaults:1 | Found a runed translucent gate.
 67094 | Vaults:1 | Noticed SpeedRobin's ghost (adept DDFi)
 67506 | Vaults:2 | Identified the amulet of Cougret {Regen+ Str+3 Int+4}
 67862 | Vaults:2 | Reached skill level 9 in Staves
 67875 | Vaults:2 | HP: 69/147 [ironbound frostheart/frost (24)]
 68255 | Vaults:2 | Reached skill level 15 in Stealth
 68281 | Vaults:1 | Reached XP level 21. HP: 132/153 MP: 2/39
 68530 | Vaults:2 | Reached skill level 10 in Staves
 68592 | Vaults:2 | HP: 71/153 [vault warden/+1 war axe of flaming (24)]
 68598 | Vaults:2 | HP: 44/153 [vault warden/+1 war axe of flaming (31)]
 69111 | Vaults:2 | Reached skill level 11 in Staves
 69341 | Vaults:2 | HP: 66/153 [enormous slime creature (53)]
 69701 | Vaults:2 | Identified the +1 robe of Spite {+Inv rF++}
 69865 | Vaults:3 | Noticed Xtahua
 70110 | Vaults:3 | Identified the +0 chain mail "Malecher" {Dex+4}
 70319 | Vaults:3 | Reached skill level 12 in Staves
 70484 | Vaults:3 | Found a runed translucent door.
 70484 | Vaults:3 | Noticed handsome's ghost (veteran OpWn)
 71494 | Vaults:3 | Found a staircase to the Crypt.
 71870 | Vaults:3 | Killed Xtahua
 71871 | Vaults:3 | Reached skill level 15 in Fire Magic
 72548 | Vaults:4 | Identified the +5 quarterstaff of Onywkim {vamp, +Blink rC+
                  | Will-}
 72635 | Vaults:4 | Reached XP level 22. HP: 155/159 MP: 15/40
 72824 | Vaults:3 | Reached skill level 15 in Spellcasting
 73117 | Vaults:4 | Gained mutation: You are dopey. (Int -2) [a shining eye]
 73133 | Vaults:4 | Reached skill level 14 in Conjurations
 73134 | Vaults:4 | HP: 71/159 [ironbound frostheart/frost (22)]
 73139 | Vaults:4 | HP: 70/159 [peacekeeper (7)]
 73295 | Vaults:4 | HP: 51/159 [yaktaur captain/bolt (31)]
 73735 | Vaults:4 | Identified the +3 chain mail of Focus {rCorr Str-4 Int-2
                  | Dex+10}
 74130 | Vaults:4 | HP: 71/142 [vault warden/+2 great sword of draining (15)]
 74368 | Vaults:4 | Found Lapuma Pudd's Book Emporium.
 74384 | Vaults:4 | Bought a book of the Tempests for 1470 gold pieces
 74393 | Vaults:4 | Learned a level 8 spell: Ignition
 75086 | Vaults:4 | Learned a level 6 spell: Dispersal
 75490 | Elf:1    | Entered Level 1 of the Elven Halls
 75508 | Elf:1    | Reached skill level 16 in Fire Magic
 75833 | Elf:1    | Found Qigimixt's Antique Weapon Boutique.
 75835 | Elf:1    | Found Kaseana's Assorted Antiques.
 75837 | Elf:1    | Found Henom's Antique Weapon Boutique.
 75858 | Elf:1    | Bought a leatherbound book for 390 gold pieces
 75943 | Elf:1    | Found a huge runed gate.
 75943 | Elf:1    | Found a huge runed gate.
 75943 | Elf:1    | Found a huge runed gate.
 75943 | Elf:1    | Found a huge runed gate.
 75943 | Elf:1    | Found a huge runed gate.
 75944 | Elf:1    | Found a huge runed gate.
 75944 | Elf:1    | Found a huge runed gate.
 75945 | Elf:1    | Found a huge runed gate.
 75949 | Elf:1    | Found a huge runed gate.
 75950 | Elf:1    | Found a huge runed gate.
 75951 | Elf:1    | Found a huge runed gate.
 75974 | Elf:1    | Identified the Papyrus of Companions
 76044 | Elf:1    | Found a huge runed gate.
 76044 | Elf:1    | Found a huge runed gate.
 76045 | Elf:1    | Found a huge runed gate.
 76045 | Elf:1    | Found a huge runed gate.
 76067 | Elf:1    | Found a huge runed gate.
 76067 | Elf:1    | Found a huge runed gate.
 76069 | Elf:1    | Found a huge runed gate.
 76153 | Elf:1    | Found a huge runed gate.
 76153 | Elf:1    | Found a huge runed gate.
 76153 | Elf:1    | Found a huge runed gate.
 76153 | Elf:1    | Found a huge runed gate.
 76153 | Elf:1    | Found a huge runed gate.
 76153 | Elf:1    | Noticed Louise
 76192 | Elf:1    | Killed Louise
 76193 | Elf:1    | Found a huge runed gate.
 76193 | Elf:1    | Found a huge runed gate.
 76271 | Elf:1    | Found a huge runed gate.
 76290 | Elf:1    | Found a huge runed gate.
 76291 | Elf:1    | Found a huge runed gate.
 77114 | Elf:1    | Reached XP level 23. HP: 151/165 MP: 15/42
 77592 | Elf:2    | Found a runed translucent gate.
 77593 | Elf:2    | Found a runed translucent gate.
 77672 | Elf:2    | Reached skill level 16 in Spellcasting
 77682 | Elf:2    | Found a runed translucent gate.
 77750 | Elf:2    | Reached skill level 11 in Armour
 77794 | Elf:2    | Reached skill level 8 in Translocations
 78219 | Elf:3    | Entered Level 3 of the Elven Halls
 78268 | Elf:3    | Found a flickering gateway to a bazaar.
 78304 | Bazaar   | Entered a bazaar
 78304 | Bazaar   | Found Rybic's Assorted Antiques.
 78330 | Bazaar   | Found Vyotun's Antique Weapon Boutique.
 78334 | Bazaar   | Bought a potion of heal wounds for 145 gold pieces
 78334 | Bazaar   | Bought a potion of magic for 232 gold pieces
 78334 | Bazaar   | Bought a leatherbound book for 435 gold pieces
 78339 | Bazaar   | Bought a fading long sword for 153 gold pieces
 78339 | Bazaar   | Identified the +11 long sword "Xaphosmo" {freeze, Str+2}
                  | (You bought it in a shop in a bazaar)
 78339 | Bazaar   | Bought a smoking long sword for 153 gold pieces
 78339 | Bazaar   | Identified the +3 long sword of Wolek {freeze, Int+3} (You
                  | bought it in a shop in a bazaar)
 78339 | Bazaar   | Bought an encrusted morningstar for 162 gold pieces
 78339 | Bazaar   | Identified the +7 morningstar "Beastbane" {flame, +Blink
                  | rN+ SInv} (You bought it in a shop in a bazaar)
 78356 | Bazaar   | Found Vetiseb's Antique Weapon Boutique.
 78361 | Bazaar   | Bought a jewelled hand crossbow for 195 gold pieces
 78361 | Bazaar   | Identified the +5 hand crossbow of Floods {venom, *Contam
                  | +Inv +Fly rF-} (You bought it in a shop in a bazaar)
 78361 | Bazaar   | Bought a transparent great sword for 264 gold pieces
 78361 | Bazaar   | Identified the +9 great sword of Doom {vorpal, rN+ Will+
                  | Int+2} (You bought it in a shop in a bazaar)
 78366 | Bazaar   | Found Onoumod's Jewellery Boutique.
 78375 | Bazaar   | Bought the ring "Nanahage" {rPois rF+ rC- Str+5} for 357
                  | gold pieces
 78377 | Bazaar   | Found Naysuw's Magic Scroll Shop.
 78385 | Bazaar   | Bought a scroll of magic mapping for 63 gold pieces
 78385 | Bazaar   | Bought a scroll of amnesia for 63 gold pieces
 78385 | Bazaar   | Bought a scroll of enchant armour for 135 gold pieces
 78385 | Bazaar   | Bought a scroll of holy word for 135 gold pieces
 78385 | Bazaar   | Bought a scroll of brand weapon for 360 gold pieces
 78697 | Elf:3    | Reached skill level 15 in Conjurations
 80074 | Elf:3    | Identified the +4 chain mail of Transparent the Good
                  | {+Blink Will+ Dex+2}
 80248 | Elf:3    | Identified the ring of Acwobum {MP+9 Dex+4}
 80486 | Elf:3    | Identified the +1 great sword "Anucuhuts" {drain, *Drain
                  | rPois Will- Str+7}
 80494 | Elf:3    | Identified the ring of Gares {rPois rF+ rC+ Dex-5 SInv}
 80788 | Elf:3    | Reached skill level 9 in Translocations
 80910 | Elf:3    | Reached skill level 12 in Armour
 81035 | Elf:3    | Identified the +0 leather armour "Xefaf" {rF- rC+ Str+2
                  | SInv}
 81035 | Elf:3    | Identified the amulet "Ustrohuesa" {Faith rN+ Int+4}
 81504 | Elf:3    | Found the +2 ratskin cloak {*Rats rPois rN+ Str-1 Int-1
                  | Dex+1}
 81507 | Elf:3    | Identified Sif Muna's Incunabulum of Dislocated Fire
 81516 | Elf:3    | Learned a level 6 spell: Starburst
 81573 | Elf:3    | Identified the Handbook of Displaced Companions
 81575 | Elf:3    | Identified the +4 scale mail "Yhupn" {*Slow Str-5 Int+9
                  | Stlth+}
 81611 | Elf:3    | Identified Sophisticated Theurgy
 81921 | Slime:1  | Entered Level 1 of the Pits of Slime
 82061 | Slime:1  | Gained mutation: You are robust. (+10% HP) [a shining eye]
 82062 | Slime:1  | Reached XP level 24. HP: 173/189 MP: 35/43
 82064 | Slime:1  | Reached skill level 17 in Fire Magic
 83468 | Slime:5  | Entered Level 5 of the Pits of Slime
 83583 | Slime:4  | Reached skill level 10 in Translocations
 83744 | Slime:5  | Reached skill level 13 in Armour
 84085 | Slime:5  | Noticed the Royal Jelly
 84098 | Slime:5  | Killed the Royal Jelly
 84099 | Slime:5  | Reached skill level 16 in Conjurations
 84110 | Slime:5  | Gained mutation: You are very dopey. (Int -4) [a shining
                  | eye]
 84113 | Slime:5  | HP: 80/189 [rockslime[the Royal Jelly] (29)]
 84116 | Slime:5  | HP: 37/189 [rockslime[the Royal Jelly] (33)]
 84331 | Slime:4  | HP: 88/189 [rockslime (29)]
 84477 | Slime:4  | HP: 82/189 [acid (14)]
 84716 | Slime:5  | Found the +13 scythe of Curses {drain, *Drain}
 84907 | Slime:5  | Identified the ring of Jealousy {rC+ Will++ Str+6 Dex-4
                  | Stlth+}
 84913 | Slime:5  | Identified the ring of Tomo Coa {+Fly AC+4}
 84943 | Slime:5  | Identified the +9 dagger of Pandemonium {vorpal, rPois rF+}
 84954 | Slime:5  | Identified the +3 spear "Elochaih" {vorpal, +Rage Will+
                  | Str-3 Int+5}
 84960 | Slime:5  | Got a slimy rune of Zot
 84970 | Slime:5  | Identified the Compendium of Execration and Weightlessness
 85001 | Slime:5  | Identified the +1 robe of Hedging {rElec}
 85124 | Lair:5   | Bought a masterwork eveningstar for 660 gold pieces
 85124 | Lair:5   | Identified the +9 eveningstar of the Aged Mouths
                  | {antimagic, Str+3} (You bought it in a shop on level 5 of
                  | the Lair of Beasts)
 85128 | Lair:5   | Bought a distressingly furry ring mail for 243 gold pieces
 85128 | Lair:5   | Identified the +5 ring mail of Spring {+Inv rF+++ rC-
                  | Will+} (You bought it in a shop on level 5 of the Lair of
                  | Beasts)
 85128 | Lair:5   | Bought an encrusted ring mail for 243 gold pieces
 85128 | Lair:5   | Identified the +4 ring mail of Dithmenos's Hatred {Int+6
                  | Dex-3 Slay+6} (You bought it in a shop on level 5 of the
                  | Lair of Beasts)
 85128 | Lair:5   | Bought a pair of runed boots for 202 gold pieces
 85545 | Vaults:5 | Entered Level 5 of the Vaults
 85641 | Vaults:5 | Reached skill level 14 in Armour
 85641 | Vaults:5 | Reached XP level 25. HP: 144/194 MP: 11/43
 85650 | Vaults:4 | Reached skill level 18 in Fire Magic
 85852 | Vaults:5 | Noticed a dread lich
 86038 | Vaults:4 | Killed a dread lich
 86606 | Vaults:5 | Identified the +7 dagger "Pint" {freeze, Str+5}
 86762 | Vaults:5 | Reached skill level 17 in Conjurations
 87599 | Vaults:5 | Noticed an ancient lich
 87609 | Vaults:4 | Killed an ancient lich
 88152 | Vaults:5 | Identified the Grimoire of Glacial Transmigration
 88156 | Vaults:5 | Identified the +1 chain mail of the Imp {Str+3 Dex+2}
 88217 | Vaults:5 | Reached skill level 19 in Fire Magic
 88278 | Vaults:5 | HP: 86/194 [titan (39)]
 88326 | Vaults:5 | HP: 69/194 [vault warden/+1 long sword of holy wrath (26)]
 88334 | Vaults:5 | HP: 64/194 [storm dragon/bolt of lightning (7)]
 88340 | Vaults:4 | HP: 53/194 [storm dragon/bolt of lightning (5)]
 88345 | Vaults:4 | HP: 39/194 [storm dragon (9)]
 88809 | Vaults:5 | Noticed Margery
 88963 | Vaults:4 | Killed Margery
 89200 | Vaults:5 | Noticed a dread lich
 89216 | Vaults:4 | Killed a dread lich
 89217 | Vaults:4 | Reached XP level 26. HP: 113/202 MP: 4/43
 89563 | Vaults:5 | Reached skill level 18 in Conjurations
 89667 | Vaults:5 | Identified Uliduidy's Grimoire of Confrontation
 89764 | Vaults:5 | Identified the +0 ring mail of Restec {Regen+ SInv}
 89949 | Vaults:5 | HP: 71/202 [iron giant (glowing shapeshifter) (34)]
 90467 | Vaults:5 | Identified the +10 plate armour of Dishonour {Slay+2}
 90659 | Vaults:5 | Learned a level 6 spell: Iron Shot
 90666 | Vaults:5 | Got a silver rune of Zot
 91453 | Spider:4 | Killed Mara
 91850 | Spider:4 | Reached skill level 20 in Fire Magic
 92101 | Spider:4 | Got a gossamer rune of Zot
 92436 | Depths:1 | Entered Level 1 of the Depths
 92604 | Lair:3   | Killed Gastronok
 92734 | Swamp:2  | Identified the +2 cloak of Mental Paralysis {Str+3 Int+6}
 93068 | Spider:3 | Killed Jotoc's ghost
 93540 | Vaults:1 | Reached skill level 19 in Conjurations
 93709 | Vaults:1 | Killed SpeedRobin's ghost
 94028 | Vaults:1 | Bought 3 scrolls of magic mapping for 367 gold pieces
 94028 | Vaults:1 | Bought a scroll of enchant armour for 262 gold pieces
 94326 | Vaults:3 | HP: 87/202 [handsome's ghost/the air (28)]
 94806 | D:14     | Killed ALWAYSlose's ghost
 96173 | Depths:1 | Found a gateway to Hell.
 96502 | Depths:1 | Reached XP level 27. HP: 209/209 MP: 35/43
 96623 | Depths:1 | You fall into a shaft and drop 1 floor!
 96693 | Depths:1 | Found Joigoegu's Weapon Shop.
 96693 | Depths:1 | Found Joules's Antique Armour Boutique.
 97044 | Depths:1 | Reached skill level 16 in Stealth
 97602 | Depths:2 | HP: 89/209 [frost giant/bolt of cold (20)]
 98014 | Depths:2 | Reached skill level 16 in Shields
 98021 | Depths:2 | HP: 85/209 [spark wasp (23)]
 98040 | Depths:2 | HP: 83/209 [fire dragon/blast of flame (5)]
 98454 | Depths:2 | Found a one-way gate leading to the halls of Pandemonium.
 98543 | Depths:2 | Found Gozag's Assorted Antiques.
 98569 | Depths:2 | HP: 104/209 [jiangshi[a vampire mage] (7)]
 98574 | Depths:2 | HP: 95/209 [jiangshi[a vampire mage] (1)]
 98583 | Depths:2 | Found Gozag's Antique Armour Shoppe.
 98590 | Depths:2 | HP: 77/209 [deep troll earth mage/blast of rock fragments
                  | (11)]
 98797 | Depths:1 | HP: 104/209 [hell knight/+3 war axe of flaming (6)]
 99114 | Depths:2 | Found a gateway to a ziggurat.
 99274 | Depths:2 | Found an opulent altar of Gozag.
 99278 | Depths:2 | Found Gozag's Assorted Antiques.
 99302 | Depths:2 | Reached skill level 17 in Stealth
102059 | Depths:3 | Found a huge runed gate.
102059 | Depths:3 | Found a huge runed gate.
102059 | Depths:3 | Found a huge runed gate.
102059 | Depths:3 | Found a huge runed gate.
102059 | Depths:3 | Found a huge runed gate.
102064 | Depths:3 | Found a huge runed gate.
102064 | Depths:3 | Found a huge runed gate.
102064 | Depths:3 | Found a huge runed gate.
102064 | Depths:3 | Found a huge runed gate.
102064 | Depths:3 | Found a huge runed gate.
102064 | Depths:3 | Found a huge runed gate.
102065 | Depths:3 | Found a huge runed gate.
102066 | Depths:3 | Found a huge runed gate.
102067 | Depths:3 | Found a huge runed gate.
102075 | Depths:3 | Found a huge runed gate.
102075 | Depths:3 | Found a huge runed gate.
102075 | Depths:3 | Found a huge runed gate.
102075 | Depths:3 | Found a huge runed gate.
102102 | Depths:3 | Found a huge runed gate.
102102 | Depths:3 | Found a huge runed gate.
102102 | Depths:3 | Found a huge runed gate.
102102 | Depths:3 | Found a huge runed gate.
102102 | Depths:3 | Found a huge runed gate.
102102 | Depths:3 | Found a huge runed gate.
102102 | Depths:3 | Found a huge runed gate.
102103 | Depths:3 | Found a huge runed gate.
102103 | Depths:3 | Found a huge runed gate.
102183 | Depths:3 | Noticed an ancient lich
102186 | Depths:3 | Reached skill level 18 in Stealth
102186 | Depths:3 | Reached skill level 17 in Spellcasting
102197 | Depths:3 | Killed an ancient lich
102198 | Depths:3 | Reached skill level 20 in Conjurations
102582 | Depths:3 | Reached skill level 17 in Shields
103143 | Depths:4 | Reached skill level 19 in Stealth
104121 | Depths:4 | Found the +7 Kryia's mail coat {PotionHeal*2 rC+}
104167 | Depths:4 | Learned a level 9 spell: Fire Storm
104866 | Depths:5 | Entered Level 5 of the Depths
105167 | Depths:5 | Reached skill level 21 in Fire Magic
105228 | Depths:5 | HP: 95/209 [flayed ghost/flay_damage (35)]
105233 | Depths:5 | HP: 45/209 [flayed ghost/flay_damage (22)]
105698 | Depths:5 | Reached skill level 20 in Stealth
107050 | Depths:5 | Found a gate to the Realm of Zot.
107934 | Crypt:1  | Entered Level 1 of the Crypt
108258 | Crypt:1  | Reached skill level 18 in Spellcasting
108285 | Crypt:1  | Found the +8 Vampire's Tooth {vamp}
108432 | Crypt:1  | Reached skill level 21 in Stealth
110863 | Crypt:2  | Found a basalt altar of Yredelemnul.
111357 | Crypt:3  | Entered Level 3 of the Crypt
111589 | Crypt:3  | Found a basalt altar of Yredelemnul.
111641 | Crypt:3  | Identified the +2 scale mail of Hagett {+Fly Regen+ Stlth+}
111696 | Crypt:3  | HP: 98/209 [wight/+1 halberd of freezing[a curse skull]
                  | (8)]
111735 | Crypt:3  | HP: 98/208 [jiangshi[a curse skull] (9)]
112310 | Orc:2    | Bought a glowing lajatang for 504 gold pieces
112380 | Elf:1    | Bought a runed lajatang for 702 gold pieces
112381 | Elf:1    | sleeves: ??spectral
112381 | Elf:1    | beem: spectral[1/1]: A weapon ego that creates an allies
                  | clone of your wielded weapon, see {spectral ego}. Also a
                  | type of {derived undead}, see {spectral thing}.
112381 | Elf:1    | sleeves: ??spectral ego
112381 | Elf:1    | beem: spectral ego[1/3]: A weapon ego that creates an
                  | allied spectral clone of your wielded weapon, which strikes
                  | enemies in melee when you do. Damage it takes is shared
                  | with you. Its HD, damage, EV, AC and HP scale with
                  | evocations. Found on gaint [spiked] clubs, quarterstaves,
                  | two-handed randarts of any type, the {brand weapon} scroll,
                  | and the {glaive of the guard}.
112381 | Elf:1    | sleeves: ??spectral ego[2]
112381 | Elf:1    | beem: spectral ego[2/3]: It's not considered an ally, so it
                  | doesn't reduce experience and it still works for Ru
                  | followers who have sacrificed love.
112381 | Elf:1    | sleeves: ??spectral ego[3]
112381 | Elf:1    | beem: spectral ego[3/3]: Prior to 0.26, existed as the L3
                  | Charms/Hexes spell, found in the {book of battle}. Worked
                  | the same way as the ego, but used spellpower instead of
                  | Evocations. Didn't work with Sword of Power, Staff of Wucad
                  | Mu, Sword of Zonguldrok, or Devastator. For some versions
                  | also didn't work with Singing Sword, Mace of Variability,
                  | and Sceptre of Torment.
112944 | Crypt:3  | Reached skill level 21 in Conjurations
112984 | Crypt:3  | HP: 85/209 [flayed ghost/flay_damage (33)]
113435 | Crypt:3  | Identified the +6 leather armour of Sealatesk {Will+ Str+3
                  | Int+4}
113435 | Crypt:3  | Identified the amulet of the Shining Light {Reflect +Blink
                  | rC++ Str+7 SH+5}
114008 | Crypt:3  | Reached skill level 22 in Fire Magic
114473 | Crypt:3  | Found an ancient bone altar of Kikubaaqudgha.
114477 | Crypt:3  | Found a basalt altar of Yredelemnul.
114524 | Crypt:3  | Identified the +6 hand crossbow of Dounezun {vorpal, rC++}
114556 | Crypt:3  | Identified the Almanac of Unholy Magic
114558 | Crypt:3  | Identified the +1 robe of Eseac {rC+ Will+ Dex-2}
114562 | Crypt:3  | Learned a level 2 spell: Sublimation of Blood
114746 | Crypt:3  | Found a staircase to the Tomb.
114935 | Crypt:3  | HP: 66/209 [??? (51)]
115334 | Crypt:3  | Reached skill level 19 in Spellcasting
115797 | Depths:1 | Bought a distressingly furry leather armour for 259 gold
                  | pieces
115797 | Depths:1 | Identified the +0 leather armour "Ikaopty" {Rampage} (You
                  | bought it in a shop on level 1 of the Depths)
115797 | Depths:1 | Bought a shimmering leather armour for 259 gold pieces
115797 | Depths:1 | Identified the +0 leather armour "Kazikargh" {-Tele +Fly
                  | Will+ Slay+5} (You bought it in a shop on level 1 of the
                  | Depths)
115811 | Depths:1 | Bought a scroll of acquirement for 1040 gold pieces
115812 | Depths:1 | Acquired the +0 pair of boots of the Present {rN+++}
115840 | Depths:1 | Acquired 650 gold pieces
115870 | Depths:1 | Learned a level 8 spell: Lehudib's Crystal Spear
116120 | Zot:1    | Entered Level 1 of the Realm of Zot
116246 | Zot:1    | Reached skill level 1 in Earth Magic
116279 | Zot:1    | Reached skill level 1 in Necromancy
116329 | Zot:1    | Reached skill level 2 in Earth Magic
116553 | Zot:1    | Reached skill level 2 in Necromancy
116858 | Zot:1    | Acquired 545 gold pieces
116911 | Zot:1    | Reached skill level 3 in Earth Magic
117023 | Zot:1    | Reached skill level 13 in Staves
117183 | Zot:1    | Reached skill level 3 in Necromancy
117427 | Zot:2    | Reached skill level 4 in Earth Magic
117602 | Zot:2    | Noticed an orb of fire
117606 | Zot:2    | Gained mutation: Your magical capacity is low. (-10% MP)
                  | [an orb of fire]
117606 | Zot:2    | Gained mutation: You are weak. (Str -2) [an orb of fire]
117607 | Zot:2    | Killed an orb of fire
117612 | Zot:1    | Learned a level 1 spell: Apportation
117816 | Zot:2    | Reached skill level 4 in Necromancy
117919 | Zot:2    | Reached skill level 5 in Earth Magic
118767 | Zot:3    | Reached skill level 5 in Necromancy
118767 | Zot:3    | Reached skill level 6 in Earth Magic
118781 | Zot:3    | Noticed a Killer Klown
119087 | Zot:3    | Killed a Killer Klown
119460 | Zot:3    | Identified the ring of the Dancing Traitor {+Inv EV+4
                  | Int+3}
119518 | Zot:3    | Reached skill level 7 in Earth Magic
119764 | Zot:3    | Reached skill level 6 in Necromancy
120041 | Zot:3    | Reached skill level 14 in Staves
120249 | Zot:3    | Found a runed translucent gate.
120249 | Zot:3    | Found a runed translucent gate.
120249 | Zot:3    | Found a runed translucent gate.
120252 | Zot:3    | Noticed Mikey69's ghost (legendary DsBe)
120289 | Zot:3    | Reached skill level 8 in Earth Magic
120650 | Zot:3    | Noticed Hilir's ghost (legendary DDFi)
120651 | Zot:3    | Noticed Bealaq's ghost (legendary GnFE)
120698 | Zot:3    | HP: 93/209 [Mikey69's ghost (21)]
120714 | Zot:3    | HP: 101/209 [white draconian monk (12)]
120786 | Zot:3    | Killed Hilir's ghost
120789 | Zot:3    | Reached skill level 7 in Necromancy
120832 | Zot:3    | HP: 78/209 [Mikey69's ghost (29)]
121459 | Zot:3    | HP: 102/209 [green draconian/blast of poison[Bealaq's
                  | ghost] (3)]
121464 | Zot:3    | HP: 94/209 [poisoned by a green draconian (blast of
                  | poison)]
121469 | Zot:3    | HP: 89/209 [poisoned by a green draconian (blast of
                  | poison)]
121475 | Zot:3    | Killed Bealaq's ghost
121475 | Zot:3    | HP: 53/209 [poisoned by a green draconian (blast of
                  | poison)]
121480 | Zot:3    | HP: 51/209 [poisoned by a green draconian (blast of
                  | poison)]
121486 | Zot:3    | HP: 50/209 [poisoned by a green draconian (blast of
                  | poison)]
121492 | Zot:3    | HP: 51/209 [poisoned by a green draconian (blast of
                  | poison)]
121500 | Zot:3    | HP: 53/209 [poisoned by a green draconian (blast of
                  | poison)]
122018 | Zot:3    | Identified the amulet of Red Wine {Acrobat Str-2 Int+8
                  | Dex-2 SInv}
122117 | Zot:4    | Reached skill level 9 in Earth Magic
122293 | Zot:4    | Reached skill level 20 in Spellcasting
122843 | Zot:4    | Reached skill level 22 in Conjurations
122848 | Zot:4    | Reached skill level 8 in Necromancy
123060 | Zot:4    | Reached skill level 10 in Earth Magic
123202 | Zot:4    | Reached skill level 9 in Necromancy
123463 | Zot:4    | Reached skill level 11 in Earth Magic
123645 | Zot:4    | Identified the +0 chain mail of Discretion {*Drain rPois
                  | rCorr Int+4}
124058 | Zot:5    | Entered Level 5 of the Realm of Zot
124208 | Zot:5    | Reached skill level 10 in Necromancy
124463 | Zot:5    | Reached skill level 12 in Earth Magic
125490 | Zot:5    | Reached skill level 11 in Necromancy
125500 | Zot:5    | Noticed a dread lich
125528 | Zot:5    | Killed a dread lich
125529 | Zot:5    | Reached skill level 13 in Earth Magic
125814 | Zot:5    | Noticed a Killer Klown
125814 | Zot:5    | Noticed a Killer Klown
125817 | Zot:5    | Noticed an orb of fire
125820 | Zot:5    | Noticed a Killer Klown
125830 | Zot:5    | Gained mutation: Scrolls take you a little longer to read.
                  | [an orb of fire]
125840 | Zot:5    | Killed an orb of fire
125859 | Zot:5    | Killed a Killer Klown
125882 | Zot:5    | Killed a Killer Klown
125889 | Zot:5    | Killed a Killer Klown
126021 | Zot:5    | Noticed an ancient lich
126034 | Zot:5    | Killed an ancient lich
126035 | Zot:5    | Reached skill level 12 in Necromancy
126198 | Zot:5    | Noticed an orb of fire
126202 | Zot:5    | Killed an orb of fire
126249 | Zot:5    | Noticed a Killer Klown
126262 | Zot:5    | Killed a Killer Klown
126821 | Zot:5    | Noticed an ancient lich
126827 | Zot:5    | Noticed an orb of fire
126837 | Zot:5    | Gained mutation: Your magical capacity is very low. (-20%
                  | MP) [mutagenic glow]
126844 | Zot:5    | Reached skill level 13 in Necromancy
126844 | Zot:5    | Killed an ancient lich
126846 | Zot:5    | Noticed a Killer Klown
126846 | Zot:5    | Gained mutation: You are very weak. (Str -4) [an orb of
                  | fire]
126849 | Zot:5    | Killed an orb of fire
126849 | Zot:5    | Noticed an orb of fire
126854 | Zot:5    | Gained mutation: Potions are less effective at restoring
                  | your health. [mutagenic glow]
126885 | Zot:5    | Lost mutation: You are robust. (+10% HP) [an orb of fire]
126889 | Zot:5    | Lost dexterity.
126889 | Zot:5    | Gained mutation: You are clumsy. (Dex -2) [an orb of fire]
126894 | Zot:5    | HP: 91/190 [Orb Guardian (13)]
126895 | Zot:5    | Gained mutation: You are partially covered in rugged brown
                  | scales. (AC +1, +3% HP) [an orb of fire]
126895 | Zot:5    | HP: 12/195 [Orb Guardian (52)]
126896 | Zot:5    | Annihilated by an Orb Guardian

Illustrated notes

Levels and vault maps discovered:
D:1:      dpeg_arrival_simpleton_c, layout_basic
D:2:      layout_basic, grunt_temple_overflow_cloverleaf, serial_shops,
          nicolae_shop_trees, nicolae_shop_overgrown_old_shop,
          nicolae_shop_trees, shop, evilmike_ruin_ashenzari
D:3:      layout_basic, ebering_ghost_rock_garden
D:4:      layout_gridville, st_stairs_11, minmay_goblin_kobold_house,
          uniq_sigmund
D:5:      layout_loops_corners, portal_sewer_entry_b, lemuel_blue_sif_altar
D:6:      layout_basic, minmay_temple_entry_glass, basic_altar,
          nicolae_tso_swordbearing_angel
D:7:      layout_loops_corners
D:8:      layout_basic, minmay_manual_moon, uniq_psyche
D:9:      layout_stronghold, minmay_guarded_unrand_staff_of_olgreb, uniq_erica,
          uniq_pikel, uniq_erolcha
D:10:     layout_stronghold, erik_lair_orcish_takeover, david_orc_3
D:11:     layout_basic, basic_altar
D:12:     layout_rooms, serial_curves, eino_curves_04, eino_curves_02,
          uniq_kirke
D:13:     layout_rooms, minmay_fractal_squares_diagonal_5
D:14:     gammafunk_the_bubble [the_bubble_gammafunk_plus_minus], layout_basic,
          grunt_vaults_entry_fortified, gammafunk_ghost_abyssal_escape,
          enter_trove_1, serial_shops, nicolae_shop_crystal, minivault_22
D:15:     grunt_enter_depths_giant_problem, layout_gridville,
          chequers_serial_rivers_small_3
Temple:   minmay_crystal_spiral_temple
Lair:1:   layout_roguey, minmay_lair_oklob_bushes, roderic_batcave,
          chequers_serial_rivers_large_b, uniq_joseph, uniq_urug
Lair:2:   layout_gridlike, spider_nest_entry_a
Lair:3:   layout_big_grid, palyth_hydra_swamp_entry, grunt_megastairs_2,
          uniq_sonja, uniq_gastronok
Lair:4:   layout_concentric_octagons, basic_altar, lemuel_fruit_tree
Lair:5:   nzn_winding_woodlands_large [nzn_winding_woodlands_hourglass,
          nzn_winding_woodlands_5x15_split_checker,
          nzn_winding_woodlands_5x5_open_star,
          nzn_winding_woodlands_center_pierced_h,
          nzn_winding_woodlands_15x15_thick_spiral,
          nzn_winding_woodlands_center_diamonds,
          nzn_winding_woodlands_5x5_cross, nzn_winding_woodlands_5x15_pockets,
          nzn_winding_woodlands_5x5_perimeter], layout_regular_city,
          minmay_slime_entry_eyes, beast_lair_carwin_3, grunt_megastairs_5
Lair:6:   minmay_lair_end_frog_pond, layout_cave_pods
Swamp:1:  layout_basic_swamp, nicolae_swamp_big_swirl, swamp_pool3, uniq_nikola,
          uniq_frances, uniq_jorgrun
Swamp:2:  gammafunk_sealed_arena, layout_basic_swamp,
          nicolae_swamp_triple_paths, nicolae_swamp_well_well_well
Swamp:3:  layout_falls_marsh, serial_swamp_ruin, evilmike_swamp_ruin_house_5,
          evilmike_swamp_ruin_house_2, evilmike_swamp_ruin_house_3,
          hangedman_swamp_grove, infiniplex_staircase_pool_2
Swamp:4:  swamp_vile, layout_basic_swamp, infiniplex_staircase_pool
Spider:1: layout_chambers
Spider:2: layout_spider_delve, zaba_antful_of_joy
Spider:3: layout_spider_delve, gammafunk_ghost_necromancy,
          guppyfry_spider_mini_3, hangedman_spider_tarantella_strand,
          uniq_arachne, uniq_azrael, uniq_aizul
Spider:4: spider_rune_water, uniq_donald, uniq_mara
Slime:1:  layout_caves, nicolae_slime_barrier
Slime:2:  layout_caves
Slime:3:  layout_caves
Slime:4:  layout_caves
Slime:5
Orc:1:    layout_caves, serial_shops, shop, basic_altar, nooodl_orcs_dogs
Orc:2:    st_orc_town, layout_diamond_mine, serial_shops, shop,
          nicolae_shop_behind_doors, nicolae_shop_statue_plus, shop,
          sword_in_stone
Elf:1:    layout_geoelf_octagon, minmay_elf_demonology,
          hangedman_elf_power_crystal, door_vault, minmay_shop_star, uniq_louise
Elf:2:    layout_loops_corners, guppyfry_library_mini
Elf:3:    elf_hall, layout_geoelf_castle, serial_shops, bzr_entry_dummy
Vaults:1: ebering_vaults_ghost_gozag, v_misc_28, v_misc_12, v_rooms_5,
          v_alt_pattern_5, nicolae_vaults_gold_heap,
          nicolae_vaults_ring_of_whatevers, nicolae_vaults_shelves_hall,
          vaults_room_semicircle, ontoclasm_vaults_chip,
          layout_vaults_chaotic_city
Vaults:2: hangedman_vaults_trim, nicolae_vaults_an_arrangement,
          hangedman_vaults_corner, nicolae_vaults_yaktaur_gun_rack,
          vaults_room_pools, vaults_room_hallway, grunt_vaults_funnel,
          grunt_vaults_focal, ontoclasm_vaults_hangar, hangedman_vaults_locks,
          layout_vaults_maze_snakey
Vaults:3: gammafunk_vaults_ghost_grave, v_misc_16, nicolae_vaults_network_star,
          hangedman_vaults_cutoff, nicolae_vaults_circle_grid_a,
          v_alt_pattern_2, ontoclasm_vaults_twist, grunt_vaults_swirl,
          nicolae_vaults_specimen_jars, minmay_crypt_entry_simple_box,
          nicolae_vaults_mini_display_case, layout_vaults_omnigrid, uniq_xtahua
Vaults:4: hangedman_vaults_slice, grunt_vaults_trifunnel,
          ontoclasm_vaults_shuriken, v_pattern_5, st_eye,
          nicolae_vaults_network_s, nicolae_vaults_little_squares_2,
          ontoclasm_vaults_misaligned, nicolae_vaults_alarming,
          vaults_standard_mumra_enter_the_diamond, vaults_dpeg_doors,
          ontoclasm_vaults_gateway, layout_vaults_ring, serial_shops,
          nicolae_shop_waterfront
Vaults:5: serial_shops, uniq_margery
Crypt:1:  layout_basic, minmay_guarded_unrand_vampires_tooth
Crypt:2:  layout_gridlike, lemuel_mausoleum_altar_yredelemnul
Crypt:3:  lightli_unholy_cathedral, layout_chaotic_city,
          tomb_entry_shell_bobbens, amcnicky_altar_gilded
Depths:1: layout_honeycomb, hell_entry, minmay_misc_feat_cross,
          ebering_dispersal_statue_hall, serial_sigils_hangedman_quiver,
          chequers_serial_rivers_micro_a, wad_dig_loot, minmay_shoptagon
Depths:2: kennysheep_gozag_temple, layout_honeycomb, enter_ziggurat_d,
          rand_demon_pan_entry_5, minmay_misc_feat_diagonals, serial_rivers,
          chequers_serial_rivers_large_a, chequers_serial_rivers_marsh,
          chequers_serial_rivers_micro_e, chequers_serial_rivers_micro_e,
          chequers_serial_rivers_micro_b, chequers_serial_rivers_micro_a,
          lightli_too_deep
Depths:3: minmay_skeletal_surprise, layout_gridlike, hellmouth_1,
          rand_demon_pan_entry_3, serial_bayou_lagoon_a, minmay_misc_feat_tower,
          door_vault
Depths:4: minmay_split_circle, layout_cave_shapes, abyss_entry,
          grunt_hell_entry_dis_mu, hangedman_decor_riveting
Depths:5: evilmike_zot_entry_hall, layout_gridville, serial_sigils,
          serial_sigils_hangedman_gnaw, serial_sigils_hangedman_scratch,
          serial_sigils_hangedman_quiver, serial_sigils_hangedman_gut,
          serial_sigils_hangedman_scar, hell_entry, hangedman_decor_points
Zot:1:    layout_basic
Zot:2:    layout_onion, drop_trap
Zot:3:    layout_cellular_growth, gammafunk_ghost_cemetery
Zot:4:    layout_gridlike, bh_zot_levy_curve, zot_minivault_1,
          grunt_megastairs_4
Zot:5:    layout_basic

Skill      XL: |  1  2  3  4  5  6  7  8  9 10 11 12 13 14 15 16 17 18 19 20 21 22 23 24 25 26 27 |
---------------+----------------------------------------------------------------------------------+-----
Conjurations   | 1 2 3 4 5 6 7 8 9 10 11 12 13 14 15 16 17 19 22 | 22.8
Spellcasting   | 3 4 5 6 7 8 9 10 11 13 14 15 16 20 | 20.0
Fire Magic     | 4 5 6 7 8 9 10 11 13 14 15 16 17 19 20 22 | 22.9
Shields        | 3 4 5 7 11 14 15 17 | 17.2
Translocations | 3 5 6 7 9 10 | 10.0
Stealth        | 6 9 10 12 15 21 | 21.4
Armour         | 2 6 8 10 12 14 | 14.0
Fighting       | 2 6 9 10 | 10.0
Evocations     | 2 6 7 9 10 | 10.0
Dodging        | 5 10 | 10.0
Staves         | 1 5 9 12 14 | 14.0
Earth Magic    | 13 | 13.0
Necromancy     | 13 | 13.3

Action                   |  1- 3 |  4- 6 |  7- 9 | 10-12 | 13-15 | 16-18 | 19-21 | 22-24 | 25-27 || total
-------------------------+-------+-------+-------+-------+-------+-------+-------+-------+-------++-------
Melee: Short sword       |    20 |    21 |   187 |    33 |       |       |       |       |       ||   261
       Unarmed           |     1 |       |       |       |       |       |       |       |       ||     1
       Spear             |       |       |       |    58 |       |       |       |       |       ||    58
       Staff             |       |       |       |    32 |    67 |   222 |   873 |  1211 |  2221 ||  4626
       Lajatang          |       |       |       |       |       |       |       |       |   898 ||   898
 Cast: Foxfire           |    45 |    86 |   253 |   477 |  1107 |   405 |       |    52 |     1 ||  2426
       Conjure Flame     |       |       |     7 |    40 |    43 |    21 |     1 |     1 |       ||   113
       Sticky Flame      |       |       |    15 |    72 |   129 |   108 |    53 |    21 |     7 ||   405
       Fireball          |       |       |       |     3 |   118 |   293 |   123 |   149 |    49 ||   735
       Passage of Golubr |       |       |       |     4 |     6 |    10 |    12 |    22 |    21 ||    75
       Lightning Bolt    |       |       |       |       |       |    46 |    36 |     8 |    18 ||   108
       Ignition          |       |       |       |       |       |       |       |    17 |   177 ||   194
       Dispersal         |       |       |       |       |       |       |       |     4 |     1 ||     5
       Starburst         |       |       |       |       |       |       |       |    15 |   107 ||   122
       Iron Shot         |       |       |       |       |       |       |       |       |   103 ||   103
       Lehudib's Crystal |       |       |       |       |       |       |       |       |    64 ||    64
       Fire Storm        |       |       |       |       |       |       |       |       |    42 ||    42
       Sublimation of Bl |       |       |       |       |       |       |       |       |     2 ||     2
       Apportation       |       |       |       |       |       |       |       |       |     1 ||     1
Invok: Call Merchant     |       |       |       |       |       |       |       |     3 |     6 ||     9
       Potion Petition   |       |       |       |       |       |       |       |       |     6 ||     6
       Bribe Branch      |       |       |       |       |       |       |       |       |     1 ||     1
 Abil: Dig               |       |       |       |    12 |     3 |     3 |       |       |     7 ||    25
       Shaft Self        |       |       |       |     1 |       |       |       |       |       ||     1
Evoke: Wand              |       |       |     6 |       |     3 |    15 |     3 |     1 |    20 ||    48
       Staff of Olgreb   |       |       |       |       |       |    13 |   175 |    42 |     3 ||   233
  Use: Scroll            |       |       |       |     6 |    14 |     3 |     9 |     3 |    19 ||    54
       Potion            |       |       |       |       |     3 |     1 |       |     4 |    13 ||    21
 Stab: Sleeping          |     5 |     2 |     1 |       |       |     2 |     9 |    16 |    48 ||    83
       Distracted        |       |       |     1 |     1 |       |     2 |     6 |     8 |    33 ||    51
Armor: Robe              |     8 |    13 |    10 |       |       |       |       |       |       ||    31
       Ring mail         |       |       |    19 |    71 |    91 |   179 |   280 |     3 |   587 ||  1230
       Scale mail        |       |       |       |       |       |       |       |   194 |       ||   194
Dodge: Dodged            |    30 |    29 |   157 |   173 |   241 |   357 |   627 |   231 |   412 ||  2257
Block: Buckler           |       |       |    17 |    55 |    94 |    50 |       |       |       ||   216
       Kite shield       |       |       |       |       |       |   297 |   698 |   169 |       ||  1164
       Tower shield      |       |       |       |       |       |       |       |   456 |  2136 ||  2592
       Reflection        |       |       |       |       |       |       |       |       |    12 ||    12

Table legend: (Time is in decaauts)
 A = Elapsed time spent in this place.
 B = Non-inter-level travel time spent in this place.
 C = Inter-level travel time spent in this place.
 D = Time resting spent in this place.
 E = Time spent auto-exploring this place.
 F = Levels seen in this place.
 G = Mean time per level.
                   A        B        C        D        E       F      G
               +--------+--------+--------+--------+--------+-----+--------+
         Total | 125657 | 115374 |  10283 |  10378 |  82267 |  61 | 2060.0 |
       Dungeon |  27382 |  23618 |   3764 |    800 |  18444 |  15 | 1825.5 |
        Temple |    213 |    130 |     83 |      0 |    127 |   1 |  213.0 |
          Lair |  20107 |  18674 |   1433 |   2027 |  13521 |   6 | 3351.2 |
         Swamp |   8365 |   7964 |    401 |      0 |   6807 |   4 | 2091.2 |
   Spider Nest |   8805 |   8225 |    580 |    924 |   5615 |   4 | 2201.2 |
    Slime Pits |   2863 |   2757 |    106 |    744 |    871 |   5 |  572.6 |
  Orcish Mines |   4670 |   4362 |    308 |    183 |   3234 |   2 | 2335.0 |
   Elven Halls |   5697 |   5399 |    298 |    329 |   3465 |   3 | 1899.0 |
        Vaults |  18162 |  16290 |   1872 |   2567 |  10384 |   5 | 3632.4 |
         Crypt |   6502 |   6227 |    275 |    256 |   4518 |   3 | 2167.3 |
        Depths |  12182 |  11402 |    780 |    854 |   8673 |   5 | 2436.4 |
           Zot |  10215 |   9835 |    380 |   1599 |   6351 |   5 | 2043.0 |
        Bazaar |     97 |     97 |      0 |      0 |     72 |   1 |   97.0 |
         Trove |     52 |     52 |      0 |      0 |      0 |   1 |   52.0 |
         Sewer |    338 |    338 |      0 |     94 |    182 |   1 |  338.0 |
               +--------+--------+--------+--------+--------+-----+--------+

Top non-repeatable levels by time:
  Lair:5: 5331 daAuts
Vaults:4: 5295 daAuts
Vaults:1: 4172 daAuts
Depths:1: 3349 daAuts
  Lair:2: 3282 daAuts
  Lair:3: 3180 daAuts
   Elf:3: 3122 daAuts
Vaults:3: 3112 daAuts
    D:10: 3060 daAuts
Vaults:2: 3040 daAuts
  Lair:6: 2998 daAuts
   Orc:2: 2988 daAuts
Spider:1: 2908 daAuts
 Swamp:3: 2883 daAuts
  Lair:4: 2872 daAuts
